Workbook

Sheet PALANCA DE CRECIMIENTO
B2: LABS TRANSPORTE DE CARGA SAS
B3: NIT. 9 0 0 6 7 3 3 6 1 - 6
B5: PALANCA DE CRECIMIENTO
C7: 2017 | D7: 2016 | E7: 2015 | F7: 2014
B9: Margen Ebitda | C9: =+EBITDA!C27 -> 0.18148663 | D9: =+EBITDA!D27 -> 0.1072244 | E9: =+EBITDA!E27 -> 0.19986227 | F9: =+EBITDA!F27 -> 0.13188125
B11: Poductividad del Capital de Trabajo PKT | C11: =+PKT!C19 -> 0.081865089 | D11: =+PKT!D19 -> 0.033451166 | E11: =+PKT!D35 -> -0.17431758 | F11: =+PKT!D50 -> 0.69966118
B13: Palanca de Crecimiento PDC | C13: =+C9/C11 -> 2.216899 | D13: =+D9/D11 -> 3.205401 | E13: =+E9/E11 -> -1.1465411 | F13: =+F9/F11 -> 0.18849302
B15: Brecha o Remanente | C15: =+C9-C11 -> 0.099621544 | D15: =+D9-D11 -> 0.073773236 | E15: =+E9-E11 -> 0.37417984 | F15: =+F9-F11 -> -0.56777993
B42: Resultado:
B43: Se puede observar en palanca de crecimiento PDC para los años 2014 y 2015 ha sido desfavorables y para 2016 y 2017 ha sido favorable esto se debe a que la empresa ha tenido un crecimiento en sus ingresos operacionales

Sheet CICLO DE CAJA 
B2: LABS TRANSPORTE DE CARGA SAS
B3: NIT. 9 0 0 6 7 3 3 6 1 - 6
B5: CICLO DE CAJA
C7: 2017 | D7: 2016 | E7: 2015 | F7: 2014
B9: DIAS DE CUENTAS POR COBRAR | C9: =+'INDICADORES BASICOS'!I151 -> 40.96126 | D9: =+'INDICADORES BASICOS'!I241 -> 51.873163 | E9: =+'INDICADORES BASICOS'!I325 -> 85.432136 | F9: =+'INDICADORES BASICOS'!I407 -> 70.874786
B11: TOTAL CICLO DE LIQUIDEZ | C11: =+C9 -> 40.96126 | D11: =+D9 -> 51.873163 | E11: =+E9 -> 85.432136 | F11: =+F9 -> 70.874786
B13: DIAS DE PAGO A PROVEEDORES | C13: =+(PKT!C15*360)/EBITDA!C11 -> 75.684919 | D13: =+(PKT!D15*360)/EBITDA!D11 -> 70.300357 | E13: =+(PKT!C46*360)/EBITDA!E11 -> 153.9415 | F13: =+(PKT!D46*360)/EBITDA!F11 -> 206.33198
B15: TOTAL CICLO DE CAJA | C15: =+C11-C13 -> -34.723659 | D15: =+D11-D13 -> -18.427194 | E15: =+E11-E13 -> -68.509365 | F15: =+F11-F13 -> -135.4572
B41: Resultado:
B42: La empresa cuenta con un ciclo de caja favorable, porque es corto el tiempo en el que recupera la inversión del dinero del activo corriente, demostrando que cuenta con buena liquidez y capital para atender los pagos a corto plazo, esto puede deberse a que la cartera rota menos veces y aumenta el periodo de recaudo para el flujo de efectivo y el pago a proveedores.

Sheet PKT
B2: LABS TRANSPORTE DE CARGA SAS
B3: NIT. 9 0 0 6 7 3 3 6 1 - 6
B5: PRODUCTIVIDAD DEL CAPITAL DE TRABAJO
C7: 2017 | D7: 2016 | E7: CRECIMIENTO
B9: INGRESOS | C9: =+'ER 2017'!C10 -> 1148878000 | D9: =+' ER 2016'!C10 -> 663086000 | E9: =+C9/D9-1 -> 0.73262292
B11: CUENTAS POR COBRAR | C11: =+'ESF 2017'!C19-'ESF 2017'!B17 -> 306530000 | D11: =+'ESF 2016'!C18 -> 133403000 | E11: =+C11/D11-1 -> 1.2977744
B13: CAPITAL DE TRABAJO OPERATIVO | C13: =+C11 -> 306530000 | D13: =+D11 -> 133403000
B15: =+'ESF 2017'!A64 -> CUENTAS POR PAGAR COMERCIALES Y OTRAS CUENTAS POR PAGAR | C15: =+'ESF 2017'!C62+'ESF 2017'!C66+'ESF 2017'!C71 -> 212477000 | D15: =+'ESF 2016'!C64+'ESF 2016'!C68+'ESF 2016'!C72 -> 111222000 | E15: =+C15/D15-1 -> 0.91038643
B17: CAPITAL DE TRABAJO NETO OPERATIVO KTNO | C17: =+C13-C15 -> 94053000 | D17: =+D13-D15 -> 22181000 | E17: =+D17-C17 -> -71872000
B19: PRODUCTIVIDAD DEL CAPITAL DE TRABAJO NETO OPERATIVO KTNO/VENTAS | C19: =+C17/C9 -> 0.081865089 | D19: =+D17/D9 -> 0.033451166
D20: DISMINUYE LIBERA CAJA
C23: 2016 | D23: 2015 | E23: CRECIMIENTO
B25: INGRESOS | C25: =+D9 -> 663086000 | D25: =+'ER 2015'!C11 -> 344142000 | E25: =+C25/D25-1 -> 0.92678022
B27: CUENTAS POR COBRAR | C27: =+D11 -> 133403000 | D27: =+'ESF 2015'!C17 -> 44086000 | E27: =+C27/D27-1 -> 2.025972
B29: CAPITAL DE TRABAJO OPERATIVO | C29: =+C27 -> 133403000 | D29: =+D27 -> 44086000
B31: CUENTAS POR PAGAR COMERCIALES Y OTRAS CUENTAS POR PAGAR | C31: =+D15 -> 111222000 | D31: =+'ESF 2015'!C37 -> 104076000 | E31: =+C31/D31-1 -> 0.068661363
B33: CAPITAL DE TRABAJO NETO OPERATIVO KTNO | C33: =+C29-C31 -> 22181000 | D33: =+D29-D31 -> -59990000
B35: PRODUCTIVIDAD DEL CAPITAL DE TRABAJO NETO OPERATIVO KTNO/VENTAS | C35: =+C33/C25 -> 0.033451166 | D35: =+D33/D25 -> -0.17431758
C38: 2015 | D38: 2014 | E38: CRECIMIENTO
B40: INGRESOS | C40: =+D25 -> 344142000 | D40: =+'ER 2014'!C9 -> 61980000 | E40: =+C40/D40-1 -> 4.5524685
B42: CUENTAS POR COBRAR | C42: =+D27 -> 44086000 | D42: =+'BALANCE 2014'!C17 -> 11114000 | E42: =+C42/D42-1 -> 2.9667087
B44: CAPITAL DE TRABAJO OPERATIVO | C44: =+C42 -> 44086000 | D44: =+D40+D42 -> 73094000
B46: CUENTAS POR PAGAR COMERCIALES Y OTRAS CUENTAS POR PAGAR | C46: =+D31 -> 104076000 | D46: =+'BALANCE 2014'!C36 -> 29729000 | E46: =+C46/D46-1 -> 2.5008241
B48: CAPITAL DE TRABAJO NETO OPERATIVO KTNO | C48: =+C44-C46 -> -59990000 | D48: =+D44-D46 -> 43365000
B50: PRODUCTIVIDAD DEL CAPITAL DE TRABAJO NETO OPERATIVO KTNO/VENTAS | C50: =+C48/C40 -> -0.17431758 | D50: =+D48/D40 -> 0.69966118
B72: Resultado:
B73: En la productividad del capital de trabajo históricamente, no se observa eficientemente la utilización de los recursos de KT, debido a que la cantidad de pesos que se requieren en capital de trabajo por cada peso que la empresa vende es muy alto y esto se debe a que las cuentas por pagar a proveedores de bienes y servicios incrementan inusualmente respecto a las cuentas por cobrar.

Sheet FCL
B2: LABS TRANSPORTE DE CARGA SAS
B3: NIT. 9 0 0 6 7 3 3 6 1 - 6
B5: FLUJO DE CAJA LIBRE HISTORICO
D7: 2017 | E7: 2016 | F7: 2015 | G7: 2014
C8: VENTAS | D8: =+EBITDA!C9 -> 1148878000 | E8: =+EBITDA!D9 -> 663086000 | F8: =+EBITDA!E9 -> 344142000 | G8: =+EBITDA!F9 -> 61980000
B9: - | C9: COSTOS Y GASTOS EN EFECTIVO | D9: =948612000-9709000 -> 938903000 | E9: 589593000 | F9: =271930000+3456000-25000 -> 275361000 | G9: 53806000
B10: = | C10: EBITDA | D10: =+D8-D9 -> 209975000 | E10: =+E8-E9 -> 73493000 | F10: =+F8-F9 -> 68781000 | G10: =+G8-G9 -> 8174000
B11: - | C11: DEPRECIACIONES Y AMORTIZACIONES | D11: =+EBITDA!C23 -> 150953000 | E11: =+EBITDA!D23 -> 35110000 | F11: =+EBITDA!E23 -> 0 | G11: =+EBITDA!F23 -> 0
B12: = | C12: UTILIDAD OPERATIVA | D12: =+D10-D11 -> 59022000 | E12: =+E10-E11 -> 38383000 | F12: =+F10-F11 -> 68781000 | G12: =+G10-G11 -> 8174000
C13: INTERESES | D13: =+'ER 2017'!B76 -> 9709000 | E13: =+' ER 2016'!B62 -> 2394000
B14: = | C14: UTILIDAD ANTES DE IMPUESTO | D14: =+D12-D13 -> 49313000 | E14: =+E12-E13 -> 35989000 | F14: =+F12-F13 -> 68781000 | G14: =+G12-G13 -> 8174000
B15: - | C15: IMPUESTOS | D15: =+'ER 2017'!B83 -> 16267000 | E15: =+' ER 2016'!C70 -> 12236000 | F15: =+'ER 2015'!B49+'ER 2015'!B50 -> 20963000 | G15: =+'ER 2014'!B39+'ER 2014'!B40 -> 2780000
B16: = | C16: UTILIDAD NETA | D16: =+D14-D15 -> 33046000 | E16: =+E14-E15 -> 23753000 | F16: =+F14-F15 -> 47818000 | G16: =+G14-G15 -> 5394000
B17: + | C17: =+C11 -> DEPRECIACIONES Y AMORTIZACIONES | D17: =+D11 -> 150953000 | E17: =+E11 -> 35110000 | F17: =+F11 -> 0 | G17: =+G11 -> 0
B18: = | C18: FLUJO DE CAJA BRUTO | D18: =+D14+D17 -> 200266000 | E18: =+E14+E17 -> 71099000 | F18: =+F14+F17 -> 68781000 | G18: =+G14+G17 -> 8174000
B19: - | C19: INCREMENTO DEL KTNO | D19: =+PKT!C17-PKT!D17 -> 71872000 | E19: =+PKT!C33-PKT!D33 -> 82171000 | F19: =+PKT!C48-PKT!D48 -> -103355000 | G19: 0
B20: - | C20: INVERSION EN ACTIVOS FIJOS | D20: =+('ESF 2017'!B27+'ESF 2017'!B32+'ESF 2017'!B37+'ESF 2017'!B42)-('ESF 2016'!B25+'ESF 2016'!B29+'ESF 2016'!B33) -> 4059000 | E20: =+('ESF 2016'!B25+'ESF 2016'!B29+'ESF 2016'!B33)-('ESF 2015'!B24) -> 4530000 | F20: =+'ESF 2015'!B24-'BALANCE 2014'!C28 -> 151100000
B21: = | C21: FCL | D21: =+D18-D19-D20 -> 124335000 | E21: =+E18-E19-E20 -> -15602000 | F21: =+F18-F19-F20 -> 21036000 | G21: =+G18-G19-G20 -> 8174000
C52: Resultado:
C53: El flujo de caja libre histórico demuestra que a pesar que en el año 2016 fue desfavorable, la empresa ha generado efectivo suficiente para atender la reposición de capital de trabajo, atención del servicio a la deuda y reparto de utilidades, ya que debido a sus ingresos cubre las necesidades de recursos para operar

Sheet EBITDA
B2: LABS TRANSPORTE DE CARGA SAS
B3: NIT. 9 0 0 6 7 3 3 6 1 - 6
B5: EBITDA
C7: 31 DE DIC 2017 | D7: 31 DE DIC 2016 | E7: 31 DE DIC 2015 | F7: 31 DE DIC 2014
B9: INGRESOS | C9: =+'ER 2017'!C10 -> 1148878000 | D9: =+' ER 2016'!C10 -> 663086000 | E9: =+'ER 2015'!C11 -> 344142000 | F9: =+'ER 2014'!C9 -> 61980000
B11: COSTO DE VENTA | C11: =+'ER 2017'!C33 -> 1010660000 | D11: 569555000 | E11: =+'ER 2015'!C22 -> 243387000 | F11: =+'ER 2014'!C22 -> 51870000
B13: UTILIDAD BRUTA EN VENTAS | C13: =+C9-C11 -> 138218000 | D13: =+D9-D11 -> 93531000 | E13: =+E9-E11 -> 100755000 | F13: =+F9-F11 -> 10110000
B15: GASTOS OPERACIONALES DE ADMINISTRACION | C15: =+'ER 2017'!C50 -> 76822000 | D15: 54863000 | E15: =+'ER 2015'!C32 -> 28543000 | F15: =+'ER 2014'!C32 -> 1936000
B17: GASTOS OPERACIONALES DE VENTAS | C17: =+'ER 2017'!C56 -> 1225000 | D17: 285000 | E17: 0
B19: OTROS GASTOS | C19: =+'ER 2017'!B77-'ER 2017'!C73 -> 2618000 | D19: =+' ER 2016'!B62 -> 2394000 | E19: =+'ER 2015'!B43-'ER 2015'!B39 -> 3431000
B21: EBIT | C21: =+C13-C15-C17-C19 -> 57553000 | D21: =+D13-D15-D17-D19 -> 35989000 | E21: =+E13-E15-E17-E19 -> 68781000 | F21: =+F13-F15-F17 -> 8174000
B23: DEPRECIACIONES | C23: =+'ER 2017'!B32+'ER 2017'!B48 -> 150953000 | D23: 35110000
B25: EBITDA | C25: =+C21+C23 -> 208506000 | D25: =+D21+D23 -> 71099000 | E25: =+E21+E23 -> 68781000 | F25: =+F21+F23 -> 8174000
B27: MARGEN EBITDA | C27: =+C25/C9 -> 0.18148663 | D27: =+D25/D9 -> 0.1072244 | E27: =+E25/E9 -> 0.19986227 | F27: =+F25/F9 -> 0.13188125
B52: Resultado:
B53: El margen EBITDA tiene un comportamiento favorable, exceptuando el año 2016, debido a su palanca de crecimiento, sin embargo su resultado histórico demuestra que la empresa puede cubrir caja para pagar impuestos, apoyar las inversiones, cubrir el servicio a la deuda y repartir utilidades, dado que el nivel de ventas es mayor que los costos y gastos.

Sheet DUPONT
B2: LABS TRANSPORTE DE CARGA SAS | W2: LABS TRANSPORTE DE CARGA SAS | AR2: LABS TRANSPORTE DE CARGA SAS | BM2: LABS TRANSPORTE DE CARGA SAS
B3: NIT. 9 0 0 6 7 3 3 6 1 - 6 | W3: NIT. 9 0 0 6 7 3 3 6 1 - 6 | AR3: NIT. 9 0 0 6 7 3 3 6 1 - 6 | BM3: NIT. 9 0 0 6 7 3 3 6 1 - 6
C6: ANALISIS DUPONT 2017 | X6: ANALISIS DUPONT 2016 | AS6: ANALISIS DUPONT 2015 | BN6: ANALISIS DUPONT 2014
S8: COSTO DE VENTAS | AN8: COSTO DE VENTAS | BI8: COSTO DE VENTAS | CD8: COSTO DE VENTAS
T9: ='INDICADORES BASICOS'!C9 -> 1010660000 | AO9: ='INDICADORES BASICOS'!F9 -> 569555000 | BJ9: ='INDICADORES BASICOS'!F27 -> 243387000 | CE9: ='INDICADORES BASICOS'!F43 -> 51870000
O10: VENTAS NETAS | AJ10: VENTAS NETAS | BE10: VENTAS NETAS | BZ10: VENTAS NETAS
P11: ='INDICADORES BASICOS'!C8+'INDICADORES BASICOS'!C14 -> 1149634000 | AK11: ='INDICADORES BASICOS'!F8+'INDICADORES BASICOS'!F14 -> 663086000 | BF11: ='INDICADORES BASICOS'!F26+'INDICADORES BASICOS'!F32 -> 344167000 | CA11: ='INDICADORES BASICOS'!F42+'INDICADORES BASICOS'!F47 -> 61980000
K13: UTILIDAD NETA | S13: G. OPERAC. | AF13: UTILIDAD NETA | AN13: G. OPERAC. | BA13: UTILIDAD NETA | BI13: G. OPERAC. | BV13: UTILIDAD NETA | CD13: G. OPERAC.
L14: =P11-P17 -> 31577000 | T14: ='INDICADORES BASICOS'!C11+'INDICADORES BASICOS'!C12 -> 78047000 | AG14: =AK11-AK17 -> 23753000 | AO14: ='INDICADORES BASICOS'!F11+'INDICADORES BASICOS'!F12 -> 55148000 | BB14: =BF11-BF17 -> 47818000 | BJ14: ='INDICADORES BASICOS'!F29+'INDICADORES BASICOS'!F30+'INDICADORES BASICOS'!F33 -> 31999000 | BW14: =CA11-CA17 -> 8174000 | CE14: ='INDICADORES BASICOS'!F45+'INDICADORES BASICOS'!F48 -> 1936000
G16: MARGEN | O16: COSTOS Y GASTOS | AB16: MARGEN | AJ16: COSTOS Y GASTOS | AW16: MARGEN | BE16: COSTOS Y GASTOS | BR16: MARGEN | BZ16: COSTOS Y GASTOS
G17: UT.NET / VT.NET | P17: =T9+T14+T19+T24 -> 1118057000 | AB17: UT.NET / VT.NET | AK17: =AO9+AO14+AO19+AO24 -> 639333000 | AW17: UT.NET / VT.NET | BF17: =BJ9+BJ14+BJ19+BJ24 -> 296349000 | BR17: UT.NET / VT.NET | CA17: =CE9+CE14+CE19+CE24 -> 53806000
H18: =L14/L26 -> 0.027467003 | S18: G. FINANCIEROS | AC18: =AG14/AG26 -> 0.035821899 | AN18: G. FINANCIEROS | AX18: =BB14/BB26 -> 0.13893836 | BI18: G. FINANCIEROS | BS18: =BW14/BW26 -> 0.13188125 | CD18: G. FINANCIEROS
T19: ='[1]ER 2017'!$C$78 -> 13083000 | AO19: ='[1] ER 2016'!$C$63 -> 2394000 | BJ19: 0 | CE19: 0
S23: IMPUESTOS | AN23: IMPUESTOS | BI23: IMPUESTOS | CD23: IMPUESTOS
T24: ='INDICADORES BASICOS'!C18 -> 16267000 | AO24: ='INDICADORES BASICOS'!F17+'INDICADORES BASICOS'!F18 -> 12236000 | BJ24: ='INDICADORES BASICOS'!F35+'INDICADORES BASICOS'!F36 -> 20963000 | CE24: ='INDICADORES BASICOS'!F50+'INDICADORES BASICOS'!F51 -> 0
K25: VENTAS NETAS | AF25: VENTAS NETAS | BA25: VENTAS NETAS | BV25: VENTAS NETAS
C26: RENDIMIENTO | L26: =P11 -> 1149634000 | X26: RENDIMIENTO | AG26: ='INDICADORES BASICOS'!F8 -> 663086000 | AS26: RENDIMIENTO | BB26: =BF11 -> 344167000 | BN26: RENDIMIENTO | BW26: =CA11 -> 61980000
C27: DE LA INVERSIÓN. | X27: DE LA INVERSIÓN. | AS27: DE LA INVERSIÓN. | BN27: DE LA INVERSIÓN.
C28: MARGEN*ROTACION | X28: MARGEN*ROTACION | AS28: MARGEN*ROTACION | BN28: MARGEN*ROTACION
D29: =H18*H40 -> 0.031254145 | Y29: =AC18*AC40 -> 0.027650472 | AT29: =AX18*AX40 -> 0.059903464 | BO29: =BS18*BS40 -> 0.012424324
K33: VENTAS NETAS | AF33: VENTAS NETAS | BA33: VENTAS NETAS | BV33: VENTAS NETAS
L34: =P11 -> 1149634000 | S34: CAJA | AG34: ='INDICADORES BASICOS'!F8 -> 663086000 | AN34: CAJA | BB34: =BF11 -> 344167000 | BI34: CAJA | BW34: =CA11 -> 61980000 | CD34: CAJA
T35: ='INDICADORES BASICOS'!C57 -> 13274000 | AO35: ='INDICADORES BASICOS'!F57 -> 3653000 | BJ35: ='INDICADORES BASICOS'!F88 -> 3065000 | CE35: ='INDICADORES BASICOS'!F118 -> 46789000
G38: ROTACION ANUAL | AB38: ROTACION ANUAL | AW38: ROTACION ANUAL | BR38: ROTACION ANUAL
G39: VT.NET / ACT.TOT | S39: VALORES NEGOCIAB | AB39: VT.NET / ACT.TOT | AN39: VALORES NEGOCIAB | AW39: VT.NET / ACT.TOT | BI39: VALORES NEGOCIAB | BR39: VT.NET / ACT.TOT | CD39: VALORES NEGOCIAB
H40: =L34/L49 -> 1.1378797 | T40: 0 | AC40: =AG34/AG49 -> 0.77188739 | AO40: 0 | AX40: =BB34/BB49 -> 0.43115135 | BJ40: 0 | BS40: =BW34/BW49 -> 0.094208417 | CE40: 0
O41: ACTIVO CORRIENTE | AJ41: ACTIVO CORRIENTE | BE41: ACTIVO CORRIENTE | BZ41: ACTIVO CORRIENTE
P42: =T35+T40+T45+T50 -> 436704000 | AK42: =AO35+AO40+AO45+AO50 -> 137056000 | BF42: =BJ35+BJ40+BJ45+BJ50 -> 47151000 | CA42: =CE35+CE40+CE45+CE50 -> 57903000
S44: CUENTAS POR COBRAR | AN44: CUENTAS POR COBRAR | BI44: CUENTAS POR COBRAR | CD44: CUENTAS POR COBRAR
T45: ='INDICADORES BASICOS'!C58 -> 423430000 | AO45: ='INDICADORES BASICOS'!F58 -> 133403000 | BJ45: ='INDICADORES BASICOS'!F89 -> 44086000 | CE45: ='INDICADORES BASICOS'!F119 -> 11114000
C48: RENDIMIENTO | K48: ACTIVO TOTAL | X48: RENDIMIENTO | AF48: ACTIVO TOTAL | AS48: RENDIMIENTO | BA48: ACTIVO TOTAL | BN48: RENDIMIENTO | BV48: ACTIVO TOTAL
C49: SOBRE PATRIMONIO | L49: =P42+P57 -> 1010330000 | S49: INVETARIOS | X49: SOBRE PATRIMONIO | AG49: =AK42+AK57 -> 859045000 | AN49: INVETARIOS | AS49: SOBRE PATRIMONIO | BB49: =BF42+BF57 -> 798251000 | BI49: INVETARIOS | BN49: SOBRE PATRIMONIO | BW49: =CA42+CA57 -> 657903000 | CD49: INVETARIOS
C50: MARGEN*ROTACION*MULTIPLICADOR | T50: 0 | X50: MARGEN*ROTACION*MULTIPLICADOR | AO50: 0 | AS50: MARGEN*ROTACION*MULTIPLICADOR | BJ50: 0 | BN50: MARGEN*ROTACION*MULTIPLICADOR | CE50: 0
D51: =H18*H40*H66 -> 0.043342731 | Y51: =AC18*AC40*AC66 -> 0.034080621 | AT51: =AX18*AX40*AX66 -> 0.071029631 | BO51: =BS18*BS40*BS66 -> 0.013070161
O56: ACT. PERMANENTE | S56: ACTIVOS FIJOS | AJ56: ACT. PERMANENTE | AN56: ACTIVOS FIJOS | BE56: ACT. PERMANENTE | BI56: ACTIVOS FIJOS | BZ56: ACT. PERMANENTE | CD56: ACTIVOS FIJOS
P57: =T57 -> 573626000 | T57: ='INDICADORES BASICOS'!C61+'INDICADORES BASICOS'!C62 -> 573626000 | AK57: =AO57 -> 721989000 | AO57: ='INDICADORES BASICOS'!F61+'INDICADORES BASICOS'!F62 -> 721989000 | BF57: =BJ57 -> 751100000 | BJ57: ='INDICADORES BASICOS'!F93+'INDICADORES BASICOS'!F92 -> 751100000 | CA57: =CE57 -> 600000000 | CE57: ='INDICADORES BASICOS'!F122 -> 600000000
K62: ACTIVO TOTAL | AF62: ACTIVO TOTAL | BA62: ACTIVO TOTAL | BV62: ACTIVO TOTAL
L63: ='INDICADORES BASICOS'!C64 -> 1010330000 | AG63: ='INDICADORES BASICOS'!F64 -> 859045000 | BB63: ='INDICADORES BASICOS'!F95 -> 798251000 | BW63: ='INDICADORES BASICOS'!F124 -> 657903000
G64: MULTIPLICADOR. | O64: ACTIVO TOTAL | AB64: MULTIPLICADOR. | AJ64: ACTIVO TOTAL | AW64: MULTIPLICADOR. | BE64: ACTIVO TOTAL | BR64: MULTIPLICADOR. | BZ64: ACTIVO TOTAL
G65: ACT.TOT. / PATR | P65: ='INDICADORES BASICOS'!C64 -> 1010330000 | AB65: ACT.TOT. / PATR | AK65: ='INDICADORES BASICOS'!F64 -> 859045000 | AW65: ACT.TOT. / PATR | BF65: ='INDICADORES BASICOS'!F95 -> 798251000 | BR65: ACT.TOT. / PATR | CA65: ='INDICADORES BASICOS'!F124 -> 657903000
H66: =L63/L69 -> 1.3867835 | AC66: =AG63/AG69 -> 1.2325511 | AX66: =BB63/BB69 -> 1.185735 | BS66: =BW63/BW69 -> 1.0519816
K68: PATRIMONIO | AF68: PATRIMONIO | BA68: PATRIMONIO | BV68: PATRIMONIO
L69: =P65-P72 -> 728542000 | S69: PASIVO CTE. | AG69: =AK65-AK72 -> 696965000 | AN69: PASIVO CTE. | BB69: =BF65-BF72 -> 673212000 | BI69: PASIVO CTE. | BW69: =CA65-CA72 -> 625394000 | CD69: PASIVO CTE.
T70: ='INDICADORES BASICOS'!C73 -> 281788000 | AO70: ='INDICADORES BASICOS'!F73 -> 162080000 | BJ70: ='INDICADORES BASICOS'!F104 -> 125039000 | CE70: ='INDICADORES BASICOS'!F130 -> 32509000
O71: PASIVO TOTAL | AJ71: PASIVO TOTAL | BE71: PASIVO TOTAL | BZ71: PASIVO TOTAL
P72: =T70+T75 -> 281788000 | AK72: =AO70+AO75 -> 162080000 | BF72: =BJ70+BJ75 -> 125039000 | CA72: =CE70+CE75 -> 32509000
S74: PASIVO L.P. | AN74: PASIVO L.P. | BI74: PASIVO L.P. | CD74: PASIVO L.P.
T75: 0 | AO75: 0 | BJ75: 0 | CE75: 0
D82: ANÁLISIS DUPONT HISTÓRICO 2017-2014
D84: Item | H84: 2017 | I84: 2016 | L84: 2015 | M84: 2014
D85: Rendimiento de la inversión | H85: =D29 -> 0.031254145 | I85: =Y29 -> 0.027650472 | L85: =AT29 -> 0.059903464 | M85: =AT29 -> 0.059903464
D86: Rendimiento del patrimonio | H86: =D51 -> 0.043342731 | I86: =Y51 -> 0.034080621 | L86: =Y51 -> 0.034080621 | M86: =Y51 -> 0.034080621
D87: Margen | H87: =H18 -> 0.027467003 | I87: =AC18 -> 0.035821899 | L87: =AC18 -> 0.035821899 | M87: =AC18 -> 0.035821899
D88: Rotación anual | H88: =H40 -> 1.1378797 | I88: =AC40 -> 0.77188739 | L88: =AC40 -> 0.77188739 | M88: =AC40 -> 0.77188739
D89: Multiplicador de apalancamiento | H89: =H66 -> 1.3867835 | I89: =AC66 -> 1.2325511 | L89: =AC66 -> 1.2325511 | M89: =AC66 -> 1.2325511
D135: Resultado:
D137: El análisis dupont histórico refleja que el rendimiento del activo y el patrimonio es muy bajo, lo que demuestra que la deuda de la empresa para adquirir activos es baja, y la rentabilidad que se tiene por las ventas comparado frente a los gastos fueron demasiado bajas, ya que los gastos superan mas de la mitad de lo que se obtuvo de las ventas.

Sheet OTROS INDICADORES
B2: LABS TRANSPORTE DE CARGA SAS
B3: NIT. 9 0 0 6 7 3 3 6 1 - 6
B5: OTROS INDICADORES 2017
C7: 2017
B8: Ingresos por venta de servicios | C8: ='INDICADORES BASICOS'!C8 -> 1148878000
B9: Gastos variables | C9: ='INDICADORES BASICOS'!C15 -> 13083000
B10: Gastos fijos | C10: ='INDICADORES BASICOS'!C11+'INDICADORES BASICOS'!C12 -> 78047000
B11: UAII | C11: =+C8-C9-C10 -> 1057748000
B12: Intereses | C12: ='[1]ER 2017'!$B$76 -> 9709000
B13: UAI | C13: =+C11-C12 -> 1048039000
B14: Impuestos (35%) | C14: ='INDICADORES BASICOS'!C17+'INDICADORES BASICOS'!C18 -> 16267000
B15: Utilidad Neta | C15: =+C13-C14 -> 1031772000
B17: PUNTO DE EQUILIBRIO
D19: Costos Fijos | F19: =+$C$10 -> 78047000
B20: Punto de Equilibrio en Pesos | C20: = | D20: Precio - CV | E20: = | F20: =(18000/1000000)-($C$9/($C$8/0.018)) -> 0.017795023 | G20: =$F$19/($F$20/$F$21) -> 78946008
D21: Precio | F21: 0.018
B23: Punto de Equilibrio en Unidades | C23: = | D23: Peq $ | E23: = | F23: =G20 -> 78946008 | G23: =$F$23/$F$24 -> 4.3858893e+09 | H23: Unidades
D24: Precio | F24: =F21 -> 0.018
B26: Ingresos por venta de servicios | C26: =+$C$8*1.35 -> 1550985300
B27: Gastos variables | C27: =$C$26*$C$9/$C$8 -> 17662050
B28: Gastos fijos | C28: =$F$19+992 -> 78047992
B29: EBIT | C29: =+$C$26-$C$27-$C$28 -> 1455275258
B32: GRADO DE APALANCAMIENTO OPERATIVO
B35: Grado de Apalancamiento Operativo (GAO) = | C35: MC | D35: =+$C$8-$C$9 -> 1135795000 | E35: = | F35: =+$D$35/$D$36 -> 1.073786
C36: UAII | D36: =+$C$11 -> 1057748000
B39: GRADO DE APALANCAMIENTO FINANCIERO
B42: Ebit | C42: =+$C$11 -> 1057748000
B43: Intereses | C43: =+$C$12 -> 9709000
B44: UAI | C44: =+$C$42-$C$43 -> 1048039000
B45: Impuestos | C45: =+$C$44*33% -> 345852870
B46: Utilidad Neta | C46: =+$C$44-C45 -> 702186130
B48: Grado de Apalancamiento Financiero (GAF) = | D48: Ebit | E48: =+$C$42 -> 1057748000 | F48: = | G48: =+E48/E49 -> 1.009264
D49: UAI | E49: =+$C$44 -> 1048039000
B51: CONTRIBUCIÓN FINANCIERA
B53: CONTRIBUCION FINANCIERA | C53: =+$C$29-$C$11 -> 397527258 | D53: =+$C$53/$C$54 -> 0.641173
C54: ='INDICADORES BASICOS'!C77 -> 620000000
B56: RESULTADOS
B58: El volumen mínimo que la empresa debe de tener para no perder es de $78.946.008
B60: El grado de apalancamiento operativo (GAO) significa que por cada punto en % que se aumenten las ventas, abra un aumento porcentual de la UAII de 1,1 puntos.
B63: El grado de apalancamiento financiero es bajo, debido a que los intereses y/o la deuda en la que se encuentra la empresa no es muy significativa, debido ya que el GAF representa que a mayor nivel de endeudamiento mayor GAF y por lo tanto mayor UPA debido a que se emitirá, para este caso, mas deuda que acciones o capital propio.
B68: La contribución financiera es favorable porque la rentabilidad de los propietarios de la empresa es mayor a la rentabilidad del activo y esta mayor al costo de la deuda

Sheet TABLA AMORTIZACION
A1: TABLA DE AMORTIZACION
D2: VP | E2: 60000000
D3: PERIODOS | E3: 12
D4: TASA DE INTERES | E4: 0.1471
A5: PERIODO | B5: CUOTA | C5: INTERES | D5: ABONO A CAPITAL | E5: SALDO
A6: 0 | E6: =+E2 -> 60000000
A7: =+A6+1 -> 1 | B7: =PMT(E4,E3,-E2) -> 10932156 | C7: =+E6*$E$4 -> 8826000 | D7: =+B7-C7 -> 2106155.6 | E7: =+E6-D7 -> 57893844
A8: =+A7+1 -> 2 | B8: =+B7 -> 10932156 | C8: =+E7*$E$4 -> 8516184.5 | D8: =+B8-C8 -> 2415971 | E8: =+E7-D8 -> 55477873
A9: =+A8+1 -> 3 | B9: =+B8 -> 10932156 | C9: =+E8*$E$4 -> 8160795.2 | D9: =+B9-C9 -> 2771360.4 | E9: =+E8-D9 -> 52706513
A10: =+A9+1 -> 4 | B10: =+B9 -> 10932156 | C10: =+E9*$E$4 -> 7753128.1 | D10: =+B10-C10 -> 3179027.5 | E10: =+E9-D10 -> 49527485
A11: =+A10+1 -> 5 | B11: =+B10 -> 10932156 | C11: =+E10*$E$4 -> 7285493.1 | D11: =+B11-C11 -> 3646662.4 | E11: =+E10-D11 -> 45880823
A12: =+A11+1 -> 6 | B12: =+B11 -> 10932156 | C12: =+E11*$E$4 -> 6749069.1 | D12: =+B12-C12 -> 4183086.5 | E12: =+E11-D12 -> 41697737
A13: =+A12+1 -> 7 | B13: =+B12 -> 10932156 | C13: =+E12*$E$4 -> 6133737 | D13: =+B13-C13 -> 4798418.5 | E13: =+E12-D13 -> 36899318
A14: =+A13+1 -> 8 | B14: =+B13 -> 10932156 | C14: =+E13*$E$4 -> 5427889.7 | D14: =+B14-C14 -> 5504265.9 | E14: =+E13-D14 -> 31395052
A15: =+A14+1 -> 9 | B15: =+B14 -> 10932156 | C15: =+E14*$E$4 -> 4618212.2 | D15: =+B15-C15 -> 6313943.4 | E15: =+E14-D15 -> 25081109
A16: =+A15+1 -> 10 | B16: =+B15 -> 10932156 | C16: =+E15*$E$4 -> 3689431.1 | D16: =+B16-C16 -> 7242724.5 | E16: =+E15-D16 -> 17838384
A17: =+A16+1 -> 11 | B17: =+B16 -> 10932156 | C17: =+E16*$E$4 -> 2624026.3 | D17: =+B17-C17 -> 8308129.2 | E17: =+E16-D17 -> 9530255
A18: =+A17+1 -> 12 | B18: =+B17 -> 10932156 | C18: =+E17*$E$4 -> 1401900.5 | D18: =+B18-C18 -> 9530255 | E18: =+E17-D18 -> 0

Sheet CRECIMIENTO ANUAL COMPUESTO
A2: TASA DE CRECIMIENTO ANUAL COMPUESTA
B3: 1 | C3: 2 | D3: 3 | E3: 4
B4: 2014 | C4: =+B4+1 -> 2015 | D4: =+C4+1 -> 2016 | E4: =+D4+1 -> 2017
A5: Utilidad | B5: =+'ER 2014'!C43 -> 5394000 | C5: =+'ER 2015'!C53 -> 47818000 | D5: =+' ER 2016'!C72 -> 23753000 | E5: =+'ER 2017'!C60 -> 60171000
A6: CAGR | C6: =+((C5/$B$5)^(1/C3))-1 -> 1.9774209 | D6: =+((D5/$B$5)^(1/D3))-1 -> 0.6390889 | E6: =+((E5/$B$5)^(1/E3))-1 -> 0.82754918

Sheet COMPARATIVO INDUCTORES
B2: LABS. TRANSPORTE DE CARGA S.A.S
B3: NIT. 9 0 0 6 7 3 3 6 1 - 6
B5: INDICADOR | C5: 2014 | D5: 2015 | E5: 2016 | F5: 2017
B6: EBIT/Intereses | C6: 0 | D6: 0 | E6: =EBITDA!D21/FCL!$E$13 -> 15.032999 | F6: =EBITDA!C21/FCL!$D$13 -> 5.9277989
B7: KTNO | C7: =+PKT!D48 -> 43365000 | D7: =+PKT!C48 -> -59990000 | E7: =+PKT!C33 -> 22181000 | F7: =+PKT!C17 -> 94053000
B8: PKT | C8: =+PKT!D50 -> 0.69966118 | D8: =+PKT!C50 -> -0.17431758 | E8: =+PKT!C35 -> 0.033451166 | F8: =+PKT!C19 -> 0.081865089
B9: EBITDA | C9: =+EBITDA!F21 -> 8174000 | D9: =+EBITDA!E25 -> 68781000 | E9: =+EBITDA!D25 -> 71099000 | F9: =+EBITDA!C25 -> 208506000
B10: MARGEN EBITDA | C10: =+EBITDA!F27 -> 0.13188125 | D10: =+EBITDA!E27 -> 0.19986227 | E10: =+EBITDA!D27 -> 0.1072244 | F10: =+EBITDA!C27 -> 0.18148663
B11: PDC | C11: =+'PALANCA DE CRECIMIENTO'!F13 -> 0.18849302 | D11: ='PALANCA DE CRECIMIENTO'!E13 -> -1.1465411 | E11: ='PALANCA DE CRECIMIENTO'!D13 -> 3.205401 | F11: ='PALANCA DE CRECIMIENTO'!C13 -> 2.216899
B12: CARG | C12: 0 | D12: =+'CRECIMIENTO ANUAL COMPUESTO'!C6 -> 1.9774209 | E12: =+'CRECIMIENTO ANUAL COMPUESTO'!D6 -> 0.6390889 | F12: =+'CRECIMIENTO ANUAL COMPUESTO'!E6 -> 0.82754918
B13: Ciclo de caja | C13: =+'CICLO DE CAJA '!F15 -> -135.4572 | D13: =+'CICLO DE CAJA '!E15 -> -68.509365 | E13: =+'CICLO DE CAJA '!D15 -> -18.427194 | F13: =+'CICLO DE CAJA '!C15 -> -34.723659
B14: Flujo de caja libre | C14: =+FCL!$G$21 -> 8174000 | D14: =+FCL!$F$21 -> 21036000 | E14: =+FCL!$E$21 -> -15602000 | F14: =+FCL!$D$21 -> 124335000
B65: INFORMACIÓN FINANCIERA
B67: Se puede observar en palanca de crecimiento PDC para los años 2014 y 2015 ha sido desfavorables y para 2016 y 2017 ha sido favorable esto se debe a que la empresa ha tenido un crecimiento en sus ingresos operacionales
B71: La empresa cuenta con un ciclo de caja favorable, porque es corto el tiempo en el que recupera la inversión del dinero del activo corriente, demostrando que cuenta con buena liquidez y capital para atender los pagos a corto plazo, esto puede deberse a que la cartera rota menos veces y aumenta el periodo de recaudo para el flujo de efectivo y el pago a proveedores.
B76: En la productividad del capital de trabajo históricamente, no se observa eficientemente la utilización de los recursos de KT, debido a que la cantidad de pesos que se requieren en capital de trabajo por cada peso que la empresa vende es muy alto y esto se debe a que las cuentas por pagar a proveedores de bienes y servicios incrementan inusualmente respecto a las cuentas por cobrar.
B82: El flujo de caja libre histórico demuestra que a pesar que en el año 2016 fue desfavorable, la empresa ha generado efectivo suficiente para atender la reposición de capital de trabajo, atención del servicio a la deuda y reparto de utilidades, ya que debido a sus ingresos cubre las necesidades de recursos para operar.
B87: El margen EBITDA tiene un comportamiento favorable, exceptuando el año 2016, debido a su palanca de crecimiento, sin embargo su resultado histórico demuestra que la empresa puede cubrir caja para pagar impuestos, apoyar las inversiones, cubrir el servicio a la deuda y repartir utilidades, dado que el nivel de ventas es mayor que los costos y gastos.
B92: De acuerdo al análisis del EVA la empresa no genera valor, debido a que el valor de los activos es inferior a los costos, lo que significa, que el valor de dichos activos no genera remanente porque los activos de operación no rinden por encima del costo de capital.
B96: El flujo de caja histórico demuestra que para el año 2017 tuvo un crecimiento donde la empresa cuenta con caja para soportar la atención del servicio de la deuda y el reparto de utilidades, entre otras. Este comportamiento puede deberse a que la empresa ha tomado decisiones para propender el aumento del flujo de caja y la tasa de descuento.

Sheet FLUJOS DE CAJA
A1: LABS TRANSPORTE DE CARGA SAS | C1: LABS TRANSPORTE DE CARGA SAS | E1: LABS TRANSPORTE DE CARGA SAS
A2: NIT. 9 0 0 6 7 3 3 6 1 - 6 | C2: NIT. 9 0 0 6 7 3 3 6 1 - 6 | E2: NIT. 9 0 0 6 7 3 3 6 1 - 6
A3: ESTADO DE FLUJOS DE EFECTIVO CONSOLIDADO | C3: ESTADO DE FLUJOS DE EFECTIVO CONSOLIDADO | E3: ESTADO DE FLUJOS DE EFECTIVO CONSOLIDADO
A4: A DICIEMBRE 31 DE 2017 | C4: A DICIEMBRE 31 DE 2016 | E4: A DICIEMBRE 31 DE 2015
A6: Flujo de Caja Operativo | C6: Flujo de Caja Operativo | E6: Flujo de Caja Operativo
A7: Utilidad Operacional | B7: =+'INDICADORES BASICOS'!C13 -> 60171000 | C7: Utilidad Operacional | D7: =+' ER 2016'!C52 -> 38383000 | E7: Utilidad Operacional | F7: =+'ER 2015'!C36 -> 72212000
A8: Depreciaciones | B8: =+'ER 2017'!B32+'ER 2017'!B48 -> 150953000 | C8: Depreciaciones | D8: =+' ER 2016'!B29 -> 35110000 | E8: Depreciaciones | F8: =+'ER 2017'!F32+'ER 2017'!F48 -> 0
A9: Impuesto de renta | B9: =-'ESF CONSOLI 17-16'!C78 -> -12236000 | C9: Impuesto de renta | D9: =-'ER 2015'!C51 -> -20963000 | E9: Impuesto de renta | F9: =-'BALANCE 2014'!C41 -> -2780000
A10: Ingresos no operacionales | B10: =+'ER 2017'!C73 -> 756000 | C10: Ingresos no operacionales | E10: Ingresos no operacionales | F10: =+'ER 2015'!B39 -> 25000
A11: Gastos no operacionales | B11: =-'ER 2017'!C78 -> -13083000 | C11: Gastos no operacionales | D11: =-' ER 2016'!C63 -> -2394000 | E11: Gastos no operacionales | F11: =-'ER 2015'!B43 -> -3456000
A13: Variación del Capital de Trabajo | C13: Variación del Capital de Trabajo | E13: Variación del Capital de Trabajo
A14: Variacion Cuentas Comerciales por Cobrar | B14: =-'ESF CONSOLI 17-16'!D14 -> -105477000 | C14: Variacion Cuentas Comerciales por Cobrar | D14: =-'ESF CONSOLI 16-15'!D14 -> -77704000 | E14: Variacion Cuentas Comerciales por Cobrar | F14: =+-'ESF CONSOLI 15-14'!D14 -> -27351000
A15: Variacion Cuentas por cobrar a Socios y accionistas | B15: =-'ESF CONSOLI 17-16'!D16 -> -116900000 | C15: Variacion Cuentas por cobrar a Socios y accionistas | D15: =-'ESF CONSOLI 16-15'!D15 -> -5358000 | E15: Variacion Cuentas por cobrar a Socios y accionistas | F15: =-'ESF CONSOLI 17-16'!G16 -> 0
A16: Varacion anticipos y avances entregados | B16: =-'ESF CONSOLI 17-16'!D15 -> -63610000 | C16: Varacion anticipos y avances entregados | D16: =-'ESF CONSOLI 16-15'!D16 -> 0 | E16: Varacion anticipos y avances entregados | F16: =-'ESF CONSOLI 17-16'!G15 -> 0
A17: Variacion activos por impuestos corrientes | B17: =-'ESF CONSOLI 17-16'!D17 -> -4040000 | C17: Variacion activos por impuestos corrientes | D17: =-'ESF CONSOLI 16-15'!D17 -> -6255000 | E17: Variacion activos por impuestos corrientes | F17: =-'ESF CONSOLI 15-14'!D17 -> -5621000
A18: Variacion proveedores | B18: =+'ESF CONSOLI 17-16'!D59 -> -7923000 | C18: Variacion proveedores | D18: =+'ESF CONSOLI 16-15'!D56 -> 38622000 | E18: Variacion proveedores | F18: =+'ESF CONSOLI 15-14'!D42 -> -29729000
A19: Variacion Obligaciones Financieras | B19: =+'ESF CONSOLI 17-16'!D55 -> 53044000 | C19: Variacion Obligaciones Financieras | D19: =+'ESF CONSOLI 17-16'!E55 -> 0 | E19: Variacion Obligaciones Financieras | F19: =+'ESF CONSOLI 17-16'!G55 -> 0
A20: Variacion cuentas comerciales por pagar y otras cuentas por pagar | B20: =SUM('ESF CONSOLI 17-16'!D63:D66) -> -70300000 | C20: Variacion cuentas comerciales por pagar y otras cuentas por pagar | D20: =+SUM('ESF CONSOLI 16-15'!D60:D64) -> -32712000 | E20: Variacion cuentas comerciales por pagar y otras cuentas por pagar | F20: =+'ESF CONSOLI 15-14'!D51 -> 104076000
A21: Variacion otros pasivos | B21: =+SUM('ESF CONSOLI 17-16'!D70:D72) -> 140856000 | C21: Variacion otros pasivos | D21: =+'ESF CONSOLI 16-15'!D68+'ESF CONSOLI 16-15'!D70 -> 39858000 | E21: Variacion otros pasivos | F21: =+SUM('ESF CONSOLI 17-16'!G70:G72) -> 0
A22: Variación del Capital de Trabajo | B22: =SUM(B14:B21) -> -174350000 | C22: Variación del Capital de Trabajo | D22: =SUM(D14:D21) -> -43549000 | E22: Variación del Capital de Trabajo | F22: =SUM(F14:F21) -> 41375000
A23: Neto Flujo de Caja Operativo | B23: =+B7+B8+B10+B11+B22+B9 -> 12211000 | C23: Neto Flujo de Caja Operativo | D23: =+D7+D8+D10+D11+D22+D9 -> 6587000 | E23: Neto Flujo de Caja Operativo | F23: =+F7+F8+F10+F11+F22+F9 -> 107376000
A25: Flujo de Caja Inversión | C25: Flujo de Caja Inversión | E25: Flujo de Caja Inversión
A26: Inversión Muebles y enseres | B26: 0 | C26: Inversión Muebles y enseres | D26: =-'ESF 2016'!C26 -> -1730000 | E26: Inversión Muebles y enseres | F26: =-'ESF CONSOLI 17-16'!G41 -> 0
A27: Inversión equipo de procesamiento de datos | B27: 0 | C27: Inversión equipo de procesamiento de datos | D27: =-'ESF 2016'!C30 -> -2800000 | E27: Inversión equipo de procesamiento de datos
A28: Inversión Flota y Equipo de transporte | C28: Inversión Flota y Equipo de transporte | E28: Inversión Flota y Equipo de transporte | F28: =-'ESF CONSOLI 15-14'!D26 -> -151100000
A29: Inversión intangibles | B29: =-'ESF CONSOLI 17-16'!D41 -> -2590000 | C29: Inversión intangibles | D29: =-'ESF CONSOLI 16-15'!D41 -> -1469000 | E29: Inversión intangibles
A31: Neto Flujo de Caja Inversión | B31: =+B29 -> -2590000 | C31: Neto Flujo de Caja Inversión | D31: =+D26+D27+D29 -> -5999000 | E31: Neto Flujo de Caja Inversión | F31: =+F26+F27+F29+F28 -> -151100000
A33: Flujo de Caja Financiamiento | C33: Flujo de Caja Financiamiento | E33: Flujo de Caja Financiamiento
A34: Variacion Pasivo Largo Plazo | C34: Variacion Pasivo Largo Plazo | E34: Variacion Pasivo Largo Plazo
A35: Pago dividendos | C35: Pago dividendos | E35: Pago dividendos
A36: Neto Flujo de Caja Financiamiento | C36: Neto Flujo de Caja Financiamiento | E36: Neto Flujo de Caja Financiamiento
A38: Neto Periodo | B38: =+B23+B31+B36 -> 9621000 | C38: Neto Periodo | D38: =+D23+D31+D36 -> 588000 | E38: Neto Periodo | F38: =+F23+F31+F36 -> -43724000
A39: Saldo anterior | B39: =+'ESF CONSOLI 17-16'!C11 -> 3653000 | C39: Saldo anterior | D39: =+'ESF 2015'!C12 -> 3065000 | E39: Saldo anterior | F39: =+'ESF CONSOLI 15-14'!C11 -> 46789000
A40: Saldo siguiente | B40: =+B38+B39 -> 13274000 | C40: Saldo siguiente | D40: =+D38+D39 -> 3653000 | E40: Saldo siguiente | F40: =+F38+F39 -> 3065000
A43: Resultado:
A44: El flujo de caja histórico demuestra que para el año 2017 tuvo un crecimiento donde la empresa cuenta con caja para soportar la atención del servicio de la deuda y el reparto de utilidades, entre otras. Este comportamiento puede deberse a que la empresa ha tomado decisiones para propender el aumento del flujo de caja y la tasa de descuento

Sheet INDICADORES BASICOS
B2: LABS TRANSPORTE DE CARGA SAS
B3: NIT. 9 0 0 6 7 3 3 6 1 - 6
B5: ESTADO DE RESULTADO COMPARATIVO 2017 VS 2016
B7: CUENTAS | C7: 2017 | D7: ANALISIS VERTICAL | E7: ANALISIS HORIZONTAL | F7: 2016 | G7: ANALISIS VERTICAL
B8: INGRESOS OPERACIONALES | C8: ='ER 2017'!C10 -> 1148878000 | D8: =(C8/$C$8)*100% -> 1 | E8: =((C8/F8)-1)*100% -> 0.73262292 | F8: =' ER 2016'!C10 -> 663086000 | G8: =(F8/$F$8)/100% -> 1
B9: COSTO DE VENTAS | C9: ='ER 2017'!C33 -> 1010660000 | D9: =(C9/$C$8)*100% -> 0.87969306 | E9: =((C9/F9)-1)*100% -> 0.77447305 | F9: =' ER 2016'!C31 -> 569555000 | G9: =(F9/$F$8)/100% -> 0.8589459
B10: UTILIDAD BRUTA | C10: ='ER 2017'!C35 -> 138218000 | D10: =(C10/$C$8)*100% -> 0.12030694 | E10: =((C10/F10)-1)*100% -> 0.47777742 | F10: =' ER 2016'!C33 -> 93531000 | G10: =(F10/$F$8)/100% -> 0.1410541
B11: GASTOS OPERACIONALES DE ADMINISTRACION | C11: ='ER 2017'!C50 -> 76822000 | D11: =(C11/$C$8)*100% -> 0.066866978 | E11: =((C11/F11)-1)*100% -> 0.40025154 | F11: =' ER 2016'!C44 -> 54863000 | G11: =(F11/$F$8)/100% -> 0.082738891
B12: GASTOS OPERACIONALES DE VENTAS | C12: ='ER 2017'!C56 -> 1225000 | D12: =(C12/$C$8)*100% -> 0.0010662577 | E12: =((C12/F12)-1)*100% -> 3.2982456 | F12: =' ER 2016'!C48 -> 285000 | G12: =(F12/$F$8)/100% -> 0.0004298085
B13: UTILIDAD OPERACIONAL | C13: ='ER 2017'!C60 -> 60171000 | D13: =(C13/$C$8)*100% -> 0.052373707 | E13: =((C13/F13)-1)*100% -> 0.56764714 | F13: =' ER 2016'!C52 -> 38383000 | G13: =(F13/$F$8)/100% -> 0.057885402
B14: INGRESOS NO OPERACIONALES | C14: ='ER 2017'!C73 -> 756000 | D14: =(C14/$C$8)*100% -> 0.00065803332 | E14: 0 | G14: =(F14/$F$8)/100% -> 0
B15: GASTOS NO OPERACIONALES | C15: ='ER 2017'!C78 -> 13083000 | D15: =(C15/$C$8)*100% -> 0.011387632 | E15: =((C15/F15)-1)*100% -> 4.4649123 | F15: =' ER 2016'!C63 -> 2394000 | G15: =(F15/$F$8)/100% -> 0.0036103914
B16: UTILIDAD ANTES DE IMPUESTO | C16: ='ER 2017'!C80 -> 47844000 | D16: =(C16/$C$8)*100% -> 0.041644108 | E16: =((C16/F16)-1)*100% -> 0.32940621 | F16: =' ER 2016'!C65 -> 35989000 | G16: =(F16/$F$8)/100% -> 0.054275011
B17: CREE | D17: =(C17/$C$8)*100% -> 0 | E17: =((C17/F17)-1)*100% -> -1 | F17: =' ER 2016'!B69 -> 3239000 | G17: =(F17/$F$8)/100% -> 0.0048847359
B18: IMPUESTO DE RENTA | C18: ='ER 2017'!B83 -> 16267000 | D18: =(C18/$C$8)*100% -> 0.014159032 | E18: =((C18/F18)-1)*100% -> 0.80804713 | F18: =' ER 2016'!B68 -> 8997000 | G18: =(F18/$F$8)/100% -> 0.013568376
B19: UTILIDAD NETA | C19: ='ER 2017'!C86 -> 31577000 | D19: =(C19/$C$8)*100% -> 0.027485077 | E19: =((C19/F19)-1)*100% -> 0.32938997 | F19: =' ER 2016'!C72 -> 23753000 | G19: =(F19/$F$8)/100% -> 0.035821899
B23: ESTADO DE RESULTADO COMPARATIVO 2016 VS 2015
B25: CUENTAS | C25: 2016 | D25: ANALISIS VERTICAL | E25: ANALISIS HORIZONTAL | F25: 2015 | G25: ANALISIS VERTICAL
B26: INGRESOS OPERACIONALES | C26: =F8 -> 663086000 | D26: =(C26/$C$26)*100% -> 1 | E26: =((C26/F26)-1)*100% -> 0.92678022 | F26: ='ER 2015'!C11 -> 344142000 | G26: =(F26/$F$26)*100% -> 1
B27: COSTO DE VENTAS | C27: =F9 -> 569555000 | D27: =(C27/$C$26)*100% -> 0.8589459 | E27: =((C27/F27)-1)*100% -> 1.3401209 | F27: ='ER 2015'!C22 -> 243387000 | G27: =(F27/$F$26)*100% -> 0.70722841
B28: UTILIDAD BRUTA | C28: =F10 -> 93531000 | D28: =(C28/$C$26)*100% -> 0.1410541 | E28: =((C28/F28)-1)*100% -> -0.071698675 | F28: ='ER 2015'!C24 -> 100755000 | G28: =(F28/$F$26)*100% -> 0.29277159
B29: GASTOS OPERACIONALES DE ADMIN. | C29: =F11 -> 54863000 | D29: =(C29/$C$26)*100% -> 0.082738891 | E29: =((C29/F29)-1)*100% -> 0.92211751 | F29: ='ER 2015'!C32 -> 28543000 | G29: =(F29/$F$26)*100% -> 0.082939601
B30: GASTOS OPERACIONALES DE VENTAS | C30: =F12 -> 285000 | D30: =(C30/$C$26)*100% -> 0.0004298085 | E30: 0 | G30: =(F30/$F$26)*100% -> 0
B31: UTILIDAD OPERACIONAL | C31: =F13 -> 38383000 | D31: =(C31/$C$26)*100% -> 0.057885402 | E31: =((C31/F31)-1)*100% -> -0.46846784 | F31: ='ER 2015'!C36 -> 72212000 | G31: =(F31/$F$26)*100% -> 0.20983199
B32: INGRESOS NO OPERACIONALES | D32: =(C32/$C$26)*100% -> 0 | E32: =((C32/F32)-1)*100% -> -1 | F32: ='ER 2015'!B39 -> 25000 | G32: =(F32/$F$26)*100% -> 7.2644432e-05
B33: GASTOS NO OPERACIONALES | C33: =F15 -> 2394000 | D33: =(C33/$C$26)*100% -> 0.0036103914 | E33: =((C33/F33)-1)*100% -> -0.30729167 | F33: ='ER 2015'!C44 -> 3456000 | G33: =(F33/$F$26)*100% -> 0.010042366
B34: UTILIDAD ANTES DE IMPUESTO | C34: =F16 -> 35989000 | D34: =(C34/$C$26)*100% -> 0.054275011 | E34: =((C34/F34)-1)*100% -> -0.47675957 | F34: ='ER 2015'!C46 -> 68781000 | G34: =(F34/$F$26)*100% -> 0.19986227
B35: CREE | C35: =F17 -> 3239000 | D35: =(C35/$C$26)*100% -> 0.0048847359 | E35: =((C35/F35)-1)*100% -> -0.14039278 | F35: ='ER 2015'!B50 -> 3768000 | G35: =(F35/$F$26)*100% -> 0.010948969
B36: IMPUESTO DE RENTA | C36: =F18 -> 8997000 | D36: =(C36/$C$26)*100% -> 0.013568376 | E36: =((C36/F36)-1)*100% -> -0.4767665 | F36: ='ER 2015'!B49 -> 17195000 | G36: =(F36/$F$26)*100% -> 0.04996484
B37: UTILIDAD NETA | C37: =F19 -> 23753000 | D37: =(C37/$C$26)*100% -> 0.035821899 | E37: =((C37/F37)-1)*100% -> -0.50326237 | F37: ='ER 2015'!C53 -> 47818000 | G37: =(F37/$F$26)*100% -> 0.13894846
B39: ESTADO DE RESULTADO COMPARATIVO 2015 VS 2014 (En Miles de Pesos)
B41: CUENTAS | C41: 2015 | D41: ANALISIS VERTICAL | E41: ANALISIS HORIZONTAL | F41: 2014 | G41: ANALISIS VERTICAL
B42: INGRESOS OPERACIONALES | C42: =F26 -> 344142000 | D42: =(C42/$C$42)*100% -> 1 | E42: =((C42/F42)-1)*100% -> 4.5524685 | F42: ='ER 2014'!C9 -> 61980000 | G42: =(F42/$F$42)*100% -> 1
B43: COSTO DE VENTAS | C43: =F27 -> 243387000 | D43: =(C43/$C$42)*100% -> 0.70722841 | E43: =((C43/F43)-1)*100% -> 3.6922499 | F43: ='ER 2014'!C22 -> 51870000 | G43: =(F43/$F$42)*100% -> 0.83688287
B44: UTILIDAD BRUTA | C44: =F28 -> 100755000 | D44: =(C44/$C$42)*100% -> 0.29277159 | E44: =((C44/F44)-1)*100% -> 8.9658754 | F44: ='ER 2014'!C24 -> 10110000 | G44: =(F44/$F$42)*100% -> 0.16311713
B45: GASTOS OPERACIONALES DE ADMIN. | C45: =F29 -> 28543000 | D45: =(C45/$C$42)*100% -> 0.082939601 | E45: =((C45/F45)-1)*100% -> 13.743285 | F45: ='ER 2014'!C32 -> 1936000 | G45: =(F45/$F$42)*100% -> 0.031235883
B46: UTILIDAD OPERACIONAL | C46: =F31 -> 72212000 | D46: =(C46/$C$42)*100% -> 0.20983199 | E46: =((C46/F46)-1)*100% -> 7.8343528 | F46: ='ER 2014'!C36 -> 8174000 | G46: =(F46/$F$42)*100% -> 0.13188125
B47: INGRESOS NO OPERACIONALES | C47: =F32 -> 25000 | D47: =(C47/$C$42)*100% -> 7.2644432e-05 | E47: 0 | G47: =(F47/$F$42)*100% -> 0
B48: GASTOS NO OPERACIONALES | C48: =F33 -> 3456000 | D48: =(C48/$C$42)*100% -> 0.010042366 | E48: 0 | G48: =(F48/$F$42)*100% -> 0
B49: UTILIDAD ANTES DE IMPUESTO | C49: =F34 -> 68781000 | D49: =(C49/$C$42)*100% -> 0.19986227 | E49: =((C49/F49)-1)*100% -> 7.4146073 | F49: =F46 -> 8174000 | G49: =(F49/$F$42)*100% -> 0.13188125
B50: CREE | C50: =F35 -> 3768000 | D50: =(C50/$C$42)*100% -> 0.010948969 | E50: 0 | F50: 0 | G50: =(F50/$F$42)*100% -> 0
B51: IMPUESTO DE RENTA | C51: =F36 -> 17195000 | D51: =(C51/$C$42)*100% -> 0.04996484 | E51: 0 | F51: 0 | G51: =(F51/$F$42)*100% -> 0
B52: UTILIDAD NETA | C52: =F37 -> 47818000 | D52: =(C52/$C$42)*100% -> 0.13894846 | E52: =((C52/F52)-1)*100% -> 4.8500122 | F52: ='ER 2014'!C36 -> 8174000 | G52: =(F52/$F$42)*100% -> 0.13188125
C53: 0
B54: SITUACIÓN FINANCIERA (En Miles de Pesos)
B56: CUENTAS | C56: 2017 | D56: ANALISIS VERTICAL | E56: ANALISIS HORIZONTAL | F56: 2016 | G56: ANALISIS VERTICAL
B57: DISPONIBLES | C57: ='ESF 2017'!C12 -> 13274000 | D57: =(C57/$C$64)*100% -> 0.013138282 | E57: =((C57/F57)-1)*100% -> 2.6337257 | F57: =C88 -> 3653000 | G57: =(F57/$F$64)*100% -> 0.0042523966
B58: TOTAL DEUDORES | C58: ='ESF 2017'!C19 -> 423430000 | D58: =(C58/$C$64)*100% -> 0.41910069 | E58: =((C58/F58)-1)*100% -> 2.1740666 | F58: =C89 -> 133403000 | G58: =(F58/$F$64)*100% -> 0.15529221
B59: CLIENTES | C59: ='ESF 2017'!B15 -> 221026000 | D59: =(C59/$C$64)*100% -> 0.21876615 | E59: =((C59/F59)-1)*100% -> 0.91283352 | F59: =C90 -> 115549000 | G59: =(F59/$F$64)*100% -> 0.13450867
B60: TOTAL ACTIVOS CORRIENTES | C60: ='ESF 2017'!C21 -> 436704000 | D60: =(C60/$C$64)*100% -> 0.43223897 | E60: =((C60/F60)-1)*100% -> 2.186318 | F60: =C91 -> 137056000 | G60: =(F60/$F$64)*100% -> 0.15954461
B61: PROPIEDAD PLANTA Y EQUIPO NETO | C61: ='ESF 2017'!C29+'ESF 2017'!C34+'ESF 2017'!C39 -> 569567000 | D61: =(C61/$C$64)*100% -> 0.56374353 | E61: =((C61/F61)-1)*100% -> -0.20950563 | F61: =C92 -> 720520000 | G61: =(F61/$F$64)*100% -> 0.83874535
B62: INTANGIBLES | C62: ='ESF 2017'!C43 -> 4059000 | D62: =(C62/$C$64)*100% -> 0.0040174992 | E62: 0 | F62: =C93 -> 1469000 | G62: =(F62/$F$64)*100% -> 0.0017100385
B63: TOTAL ACTIVO NO CORRIENTE | C63: ='ESF 2017'!C45 -> 573626000 | D63: =(C63/$C$64)*100% -> 0.56776103 | E63: =((C63/F63)-1)*100% -> -0.20549205 | F63: =C94 -> 721989000 | G63: =(F63/$F$64)*100% -> 0.84045539
B64: TOTAL ACTIVO | C64: ='ESF 2017'!C47 -> 1010330000 | D64: =(C64/$C$64)*100% -> 1 | E64: =((C64/F64)-1)*100% -> 0.17610835 | F64: =C95 -> 859045000 | G64: =(F64/$F$64)*100% -> 1
B66: CUENTAS | C66: 2017 | D66: ANALISIS VERTICAL | E66: ANALISIS HORIZONTAL | F66: 2016 | G66: ANALISIS VERTICAL
B67: OBLIGACIONES FINANCIERAS (CP) | C67: ='ESF 2017'!B57 -> 53044000 | D67: =(C67/$C$82)*100% -> 0.052501658 | E67: 0 | F67: =C98 -> 0 | G67: =(F67/$F$82)*100% -> 0
B68: PROVEEDORES | C68: ='ESF 2017'!B61 -> 30699000 | D68: =(C68/$C$82)*100% -> 0.030385122 | E68: 0 | F68: =C99 -> 38622000 | G68: =(F68/$F$82)*100% -> 0.044959228
B69: CUENTAS POR PAGAR (CP) | C69: ='ESF 2017'!C66 -> 1064000 | D69: =(C69/$C$82)*100% -> 0.0010531213 | E69: =((C69/F69)-1)*100% -> -0.98509052 | F69: =C100 -> 71364000 | G69: =(F69/$F$82)*100% -> 0.083073646
B70: IMPUESTOS, GRAVAMENES Y TASAS | C70: ='ESF 2017'!C75 -> 16267000 | D70: =(C70/$C$82)*100% -> 0.01610068 | E70: =((C70/F70)-1)*100% -> 0.32943772 | F70: =C101 -> 12236000 | G70: =(F70/$F$82)*100% -> 0.014243724
B71: DIFERIDOS CORTO PLAZO | C71: 0 | D71: =(C71/$C$82)*100% -> 0 | E71: 0 | F71: =C102 -> 2190000 | G71: =(F71/$F$82)*100% -> 0.0025493426
B72: SUBTOTAL OTROS PASIVOS (CP) | C72: ='ESF 2017'!C71 -> 180714000 | D72: =(C72/$C$82)*100% -> 0.17886631 | E72: 0 | F72: =C103 -> 37668000 | G72: =(F72/$F$82)*100% -> 0.043848692
B73: TOTAL PASIVO CORRIENTE | C73: ='ESF 2017'!C77 -> 281788000 | D73: =(C73/$C$82)*100% -> 0.27890689 | E73: =((C73/F73)-1)*100% -> 0.73857354 | F73: =C104 -> 162080000 | G73: =(F73/$F$82)*100% -> 0.18867463
B74: TOTAL PASIVO | C74: =+C73 -> 281788000 | D74: =(C74/$C$82)*100% -> 0.27890689 | E74: =((C74/F74)-1)*100% -> 0.73857354 | F74: =C105 -> 162080000 | G74: =(F74/$F$82)*100% -> 0.18867463
B76: CUENTAS | C76: 2017 | D76: ANALISIS VERTICAL | E76: ANALISIS HORIZONTAL | F76: 2016 | G76: ANALISIS VERTICAL
B77: CAPITAL SOCIAL | C77: ='ESF 2017'!B81 -> 620000000 | D77: =(C77/$C$82)*100% -> 0.61366088 | E77: =((C77/F77)-1)*100% -> 0 | F77: =C108 -> 620000000 | G77: =(F77/$F$82)*100% -> 0.72173169
B78: RESERVA LEGAL | C78: ='ESF 2017'!B85 -> 7696000 | D78: =(C78/$C$82)*100% -> 0.0076173132 | E78: 0 | F78: =C109 -> 5321000 | G78: =(F78/$F$82)*100% -> 0.0061940876
B79: RESULTADOS DEL EJERCICIO | C79: ='ESF 2017'!B89 -> 31577000 | D79: =(C79/$C$82)*100% -> 0.031254145 | E79: =((C79/F79)-1)*100% -> 0.32938997 | F79: =C110 -> 23753000 | G79: =(F79/$F$82)*100% -> 0.027650472
B80: RESULTADOS DE EJERCICIOS ANTERIORES | C80: ='ESF 2017'!C94 -> 69269000 | D80: =(C80/$C$82)*100% -> 0.068560767 | E80: =((C80/F80)-1)*100% -> 0.44638867 | F80: =C111 -> 47891000 | G80: =(F80/$F$82)*100% -> 0.055749117
B81: TOTAL PATRIMONIO | C81: ='ESF 2017'!C96 -> 728542000 | D81: =(C81/$C$82)*100% -> 0.72109311 | E81: =((C81/F81)-1)*100% -> 0.045306436 | F81: =C112 -> 696965000 | G81: =(F81/$F$82)*100% -> 0.81132537
B82: TOTAL PASIVO Y PATRIMONIO | C82: ='ESF 2017'!C98 -> 1010330000 | D82: =(C82/$C$82)*100% -> 1 | E82: =((C82/F82)-1)*100% -> 0.17610835 | F82: =C113 -> 859045000 | G82: =(F82/$F$82)*100% -> 1
B85: SITUACIÓN FINANCIERA (En Miles de Pesos)
B87: CUENTAS | C87: 2016 | D87: ANALISIS VERTICAL | E87: ANALISIS HORIZONTAL | F87: 2015 | G87: ANALISIS VERTICAL
B88: DISPONIBLES | C88: =+'ESF 2016'!C12 -> 3653000 | D88: =(C88/$C$95)*100% -> 0.0042523966 | E88: =((C88/F88)-1)*100% -> 0.19184339 | F88: ='ESF 2015'!C12 -> 3065000 | G88: =(F88/$F$95)*100% -> 0.0038396444
B89: TOTAL DEUDORES | C89: =+'ESF 2016'!C18 -> 133403000 | D89: =(C89/$C$95)*100% -> 0.15529221 | E89: =((C89/F89)-1)*100% -> 2.025972 | F89: ='ESF 2015'!C17 -> 44086000 | G89: =(F89/$F$95)*100% -> 0.055228243
B90: CLIENTES | C90: =+'ESF 2016'!B15 -> 115549000 | D90: =(C90/$C$95)*100% -> 0.13450867 | E90: =((C90/F90)-1)*100% -> 2.0532171 | F90: ='ESF 2015'!B15 -> 37845000 | G90: =(F90/$F$95)*100% -> 0.0474099
B91: TOTAL ACTIVOS CORRIENTES | C91: =+'ESF 2016'!C20 -> 137056000 | D91: =(C91/$C$95)*100% -> 0.15954461 | E91: =((C91/F91)-1)*100% -> 1.9067464 | F91: ='ESF 2015'!C19 -> 47151000 | G91: =(F91/$F$95)*100% -> 0.059067887
B92: PROPIEDAD PLANTA Y EQUIPO NETO | C92: =+'ESF 2016'!C37 -> 720520000 | D92: =(C92/$C$95)*100% -> 0.83874535 | E92: =((C92/F92)-1)*100% -> -0.04071362 | F92: ='ESF 2015'!B24 -> 751100000 | G92: =(F92/$F$95)*100% -> 0.94093211
B93: INTANGIBLES | C93: =+'ESF 2016'!C41 -> 1469000 | D93: =(C93/$C$95)*100% -> 0.0017100385 | E93: 0 | F93: 0 | G93: =(F93/$F$95)*100% -> 0
B94: TOTAL ACTIVO NO CORRIENTE | C94: =+'ESF 2016'!C43 -> 721989000 | D94: =(C94/$C$95)*100% -> 0.84045539 | E94: =((C94/F94)-1)*100% -> -0.038757822 | F94: ='ESF 2015'!C27 -> 751100000 | G94: =(F94/$F$95)*100% -> 0.94093211
B95: TOTAL ACTIVO | C95: =+'ESF 2016'!C45 -> 859045000 | D95: =(C95/$C$95)*100% -> 1 | E95: =((C95/F95)-1)*100% -> 0.076159003 | F95: ='ESF 2015'!C29 -> 798251000 | G95: =(F95/$F$95)*100% -> 1
B97: CUENTAS | C97: 2016 | D97: ANALISIS VERTICAL | E97: ANALISIS HORIZONTAL | F97: 2015 | G97: ANALISIS VERTICAL
B98: OBLIGACIONES FINANCIERAS (CP) | C98: 0 | D98: =(C98/$C$113)*100% -> 0 | E98: 0 | F98: 0 | G98: =(F98/$F$113)*100% -> 0
B99: PROVEEDORES | C99: =+'ESF 2016'!C57 -> 38622000 | D99: =(C99/$C$113)*100% -> 0.044959228 | E99: 0 | F99: 0 | G99: =(F99/$F$113)*100% -> 0
B100: CUENTAS POR PAGAR (CP) | C100: =+'ESF 2016'!C64 -> 71364000 | D100: =(C100/$C$113)*100% -> 0.083073646 | E100: =((C100/F100)-1)*100% -> -0.31430877 | F100: ='ESF 2015'!C37 -> 104076000 | G100: =(F100/$F$113)*100% -> 0.13038004
B101: IMPUESTOS, GRAVAMENES Y TASAS | C101: =+'ESF 2016'!C77 -> 12236000 | D101: =(C101/$C$113)*100% -> 0.014243724 | E101: =((C101/F101)-1)*100% -> -0.41630492 | F101: ='ESF 2015'!C42 -> 20963000 | G101: =(F101/$F$113)*100% -> 0.026261163
B102: DIFERIDOS CORTO PLAZO | C102: =+'ESF 2016'!C68 -> 2190000 | D102: =(C102/$C$113)*100% -> 0.0025493426 | E102: 0 | G102: =(F102/$F$113)*100% -> 0
B103: SUBTOTAL OTROS PASIVOS (CP) | C103: =+'ESF 2016'!C72 -> 37668000 | D103: =(C103/$C$113)*100% -> 0.043848692 | E103: 0 | G103: =(F103/$F$113)*100% -> 0
B104: TOTAL PASIVO CORRIENTE | C104: =+'ESF 2016'!C79 -> 162080000 | D104: =(C104/$C$113)*100% -> 0.18867463 | E104: =((C104/F104)-1)*100% -> 0.29623557 | F104: ='ESF 2015'!C44 -> 125039000 | G104: =(F104/$F$113)*100% -> 0.15664121
B105: TOTAL PASIVO | C105: =+C104 -> 162080000 | D105: =(C105/$C$113)*100% -> 0.18867463 | E105: =((C105/F105)-1)*100% -> 0.29623557 | F105: ='ESF 2015'!C44 -> 125039000 | G105: =(F105/$F$113)*100% -> 0.15664121
B107: CUENTAS | C107: 2016 | D107: ANALISIS VERTICAL | E107: ANALISIS HORIZONTAL | F107: 2015 | G107: ANALISIS VERTICAL
B108: CAPITAL SOCIAL | C108: =+'ESF 2016'!C84 -> 620000000 | D108: =(C108/$C$113)*100% -> 0.72173169 | E108: =((C108/F108)-1)*100% -> 0 | F108: ='ESF 2015'!B54 -> 620000000 | G108: =(F108/$F$113)*100% -> 0.77669806
B109: RESERVA LEGAL | C109: =+'ESF 2016'!C88 -> 5321000 | D109: =(C109/$C$113)*100% -> 0.0061940876 | E109: 0 | G109: =(F109/$F$113)*100% -> 0
B110: RESULTADOS DEL EJERCICIO | C110: =+'ESF 2016'!C92 -> 23753000 | D110: =(C110/$C$113)*100% -> 0.027650472 | E110: =((C110/F110)-1)*100% -> -0.50326237 | F110: ='ESF 2015'!B58 -> 47818000 | G110: =(F110/$F$113)*100% -> 0.059903464
B111: RESULTADOS DE EJERCICIOS ANTERIORES | C111: =+'ESF 2016'!C96 -> 47891000 | D111: =(C111/$C$113)*100% -> 0.055749117 | E111: =((C111/F111)-1)*100% -> 8.8642636 | F111: ='ESF 2015'!B66 -> 4855000 | G111: =(F111/$F$113)*100% -> 0.0060820469
B112: TOTAL PATRIMONIO | C112: =+'ESF 2016'!C98 -> 696965000 | D112: =(C112/$C$113)*100% -> 0.81132537 | E112: =((C112/F112)-1)*100% -> 0.035283091 | F112: ='ESF 2015'!C69 -> 673212000 | G112: =(F112/$F$113)*100% -> 0.84335879
B113: TOTAL PASIVO Y PATRIMONIO | C113: =+'ESF 2016'!C100 -> 859045000 | D113: =(C113/$C$113)*100% -> 1 | E113: =((C113/F113)-1)*100% -> 0.076159003 | F113: ='ESF 2015'!C71 -> 798251000 | G113: =(F113/$F$113)*100% -> 1
B115: SITUACIÓN FINANCIERA (En Miles de Pesos)
B117: CUENTAS | C117: 2015 | D117: ANALISIS VERTICAL | E117: ANALISIS HORIZONTAL | F117: 2014 | G117: ANALISIS VERTICAL
B118: DISPONIBLES | C118: =F88 -> 3065000 | D118: =(C118/$C$124)*100% -> 0.0038396444 | E118: =((C118/F118)-1)*100% -> -0.93449315 | F118: ='BALANCE 2014'!C12 -> 46789000 | G118: =(F118/$F$124)*100% -> 0.071118387
B119: TOTAL DEUDORES | C119: =F89 -> 44086000 | D119: =(C119/$C$124)*100% -> 0.055228243 | E119: =((C119/F119)-1)*100% -> 2.9667087 | F119: ='BALANCE 2014'!C17 -> 11114000 | G119: =(F119/$F$124)*100% -> 0.016893068
...

Sheet EST. RESUL. HIST.
B2: LABS TRANSPORTE DE CARGA SAS
B3: NIT. 9 0 0 6 7 3 3 6 1 - 6
B5: ESTADO DE RESULTADO HISTÓTICO 2014-2017
B7: CUENTAS | C7: 2017 | D7: 2016 | E7: 2015 | F7: 2014
B8: INGRESOS OPERACIONALES | C8: ='ER 2017'!C10 -> 1148878000 | D8: =' ER 2016'!C10 -> 663086000 | E8: ='INDICADORES BASICOS'!C42 -> 344142000 | F8: ='INDICADORES BASICOS'!F42 -> 61980000
B9: COSTO DE VENTAS | C9: ='ER 2017'!C33 -> 1010660000 | D9: =' ER 2016'!C31 -> 569555000 | E9: ='INDICADORES BASICOS'!C43 -> 243387000 | F9: ='INDICADORES BASICOS'!F43 -> 51870000
B10: UTILIDAD BRUTA | C10: ='ER 2017'!C35 -> 138218000 | D10: =' ER 2016'!C33 -> 93531000 | E10: ='INDICADORES BASICOS'!C44 -> 100755000 | F10: ='INDICADORES BASICOS'!F44 -> 10110000
B11: GASTOS OPERACIONALES DE ADMINISTRACION | C11: ='ER 2017'!C50 -> 76822000 | D11: =' ER 2016'!C44 -> 54863000 | E11: ='INDICADORES BASICOS'!C45 -> 28543000 | F11: ='INDICADORES BASICOS'!F45 -> 1936000
B12: GASTOS OPERACIONALES DE VENTAS | C12: ='ER 2017'!C56 -> 1225000 | D12: =' ER 2016'!C48 -> 285000 | E12: 0 | F12: ='ER 2014'!H2 -> 0
B13: UTILIDAD OPERACIONAL | C13: ='ER 2017'!C60 -> 60171000 | D13: =' ER 2016'!C52 -> 38383000 | E13: ='INDICADORES BASICOS'!C46 -> 72212000 | F13: ='INDICADORES BASICOS'!F46 -> 8174000
B14: INGRESOS NO OPERACIONALES | C14: ='ER 2017'!C73 -> 756000 | E14: ='INDICADORES BASICOS'!C47 -> 25000 | F14: ='INDICADORES BASICOS'!F47 -> 0
B15: GASTOS NO OPERACIONALES | C15: ='ER 2017'!C78 -> 13083000 | D15: =' ER 2016'!C63 -> 2394000 | E15: ='INDICADORES BASICOS'!C48 -> 3456000 | F15: ='INDICADORES BASICOS'!F48 -> 0
B16: UTILIDAD ANTES DE IMPUESTO | C16: ='ER 2017'!C80 -> 47844000 | D16: =' ER 2016'!C65 -> 35989000 | E16: ='INDICADORES BASICOS'!C49 -> 68781000 | F16: ='INDICADORES BASICOS'!F49 -> 8174000
B17: CREE | D17: =' ER 2016'!B69 -> 3239000 | E17: ='INDICADORES BASICOS'!C50 -> 3768000 | F17: ='INDICADORES BASICOS'!F50 -> 0
B18: IMPUESTO DE RENTA | C18: ='ER 2017'!B83 -> 16267000 | D18: =' ER 2016'!B68 -> 8997000 | E18: ='INDICADORES BASICOS'!C51 -> 17195000 | F18: ='INDICADORES BASICOS'!F51 -> 0
B19: UTILIDAD NETA | C19: ='ER 2017'!C86 -> 31577000 | D19: =' ER 2016'!C72 -> 23753000 | E19: ='INDICADORES BASICOS'!C52 -> 47818000 | F19: ='INDICADORES BASICOS'!F52 -> 8174000

Sheet ESF CONSOLI 17-16
A1: LABS TRANSPORTE DE CARGA SAS
A2: NIT. 9 0 0 6 7 3 3 6 1 - 6
A4: ESTADO DE SITUACION FINANCIERA CONSOLIDADO
A6: ACTIVO | B6: 2017 | C6: 2016 | D6: VARIACION
A7: ACTIVO CORRIENTE
A8: EFECTIVO Y EQUIVALENTES DE EFECTIVO
A9: Caja | B9: 2419000 | C9: =+'ESF 2016'!B10 -> 883000 | D9: =+B9-C9 -> 1536000
A10: Bancolombia Cuenta de ahorros N° 26215832111 | B10: 10855000 | C10: =+'ESF 2016'!B11 -> 2770000 | D10: =+B10-C10 -> 8085000
A11: TOTAL EFECTIVO Y EQUIVALENTES DE EFECTIVO | B11: =SUM(B9:B10) -> 13274000 | C11: =SUM(C9:C10) -> 3653000
A13: CUENTAS COMERCIALES Y OTRAS CUENTAS POR COBRAR
A14: Clientes | B14: 221026000 | C14: =+'ESF 2016'!B15 -> 115549000 | D14: =+B14-C14 -> 105477000
A15: Anticipos y avances | B15: 68968000 | C15: =+'ESF 2016'!B16 -> 5358000 | D15: =+B15-C15 -> 63610000
A16: Cuentas por cobrar a socios y accionistas | B16: 116900000 | D16: =+B16-C16 -> 116900000
A17: Anticipos de Impuestos y Contribuciones | B17: 16536000 | C17: =+'ESF 2016'!B17 -> 12496000 | D17: =+B17-C17 -> 4040000
A18: TOTAL CUENTAS COMERCIALES Y OTRAS CUENTAS POR COBRAR | B18: =SUM(B14:B17) -> 423430000 | C18: =SUM(C14:C17) -> 133403000
A20: TOTAL ACTIVO CORRIENTE | B20: =+B11+B18 -> 436704000 | C20: =+C11+C18 -> 137056000
A22: ACTIVO NO CORRIENTE
A23: PROPIEDAD PLANTA Y EQUIPO
A25: EQUIPO DE OFICINA
A26: Muebles y enseres | B26: 1730000 | C26: =+'ESF 2016'!B25 -> 1730000 | D26: =+B26-C26 -> 0
A27: Depreciacion acumulada | B27: -173000 | D27: =+B27-C27 -> -173000
A28: TOTAL EQUIPO DE OFICINA | B28: =SUM(B26:B27) -> 1557000 | C28: =SUM(C26:C27) -> 1730000
A30: EQUIPO DE COMPUTACION Y COMUNICACIÓN
A31: Equipos de procesamientos de datos | B31: 2800000 | C31: =+'ESF 2016'!B29 -> 2800000
A32: Depreciacion acumulada | B32: -560000 | D32: =+B32-C32 -> -560000
A33: TOTAL EQUIPO DE COMPUTACION Y COMUNICACIÓN | B33: =SUM(B31:B32) -> 2240000 | C33: =SUM(C31:C32) -> 2800000
A35: FLOTA Y EQUIPO DE TRANSPORTE
A36: Tractomulas y Remolques | B36: 751100000 | C36: =+'ESF 2016'!B33 -> 751100000 | D36: =+B36-C36 -> 0
A37: Depreciacion acumulada | B37: -185330000 | C37: =+'ESF 2016'!B34 -> -35110000 | D37: =+B37-C37 -> -150220000
A38: TOTAL FLOTA Y EQUIPO DE TRANSPORTE | B38: =SUM(B36:B37) -> 565770000 | C38: =SUM(C36:C37) -> 715990000
A40: INTANGIBLES
A41: Licencias | B41: =3598000+461000 -> 4059000 | C41: =+'ESF 2016'!B40 -> 1469000 | D41: =+B41-C41 -> 2590000
A42: TOTAL INTANGIBLES | B42: =+B41 -> 4059000 | C42: =+C41 -> 1469000
A44: TOTAL ACTIVO NO CORRIENTE | B44: =+B28+B33+B38+B42 -> 573626000 | C44: =+C28+C33+C38+C42 -> 721989000
A46: TOTAL ACTIVO | B46: =+B44+B20 -> 1010330000 | C46: =+C44+C20 -> 859045000
A48: LABS TRANSPORTE DE CARGA SAS
A49: NIT. 9 0 0 6 7 3 3 6 1 - 6
A51: ESTADO DE SITUACION FINANCIERA CONSOLIDADO
A53: PASIVO | B53: 2017 | C53: 2016 | D53: VARIACION
A54: OBLIGACIONES FINANCIERAS
A55: Bancos nacionales | B55: 53044000 | C55: 0 | D55: =+B55-C55 -> 53044000
A56: TOTAL OBLIGACIONES FINANCIERAS | B56: =SUM(B55) -> 53044000
A58: PROVEEDORES
A59: Nacionales | B59: 30699000 | C59: =+'ESF 2016'!C57 -> 38622000 | D59: =+B59-C59 -> -7923000
A60: TOTAL PROVEEDORES | B60: =SUM(B59) -> 30699000 | C60: =SUM(C59) -> 38622000
A62: CUENTAS POR PAGAR COMERCIALES Y OTRAS CUENTAS POR PAGAR
A63: Costos y Gastos por pagar | C63: =+'ESF 2016'!B60 -> 87000 | D63: =+B63-C63 -> -87000
A64: Retencion en la fuente | B64: 1064000 | C64: =+'ESF 2016'!B61 -> 809000 | D64: =+B64-C64 -> 255000
A65: Retenciones y aportes de nomina | C65: =+'ESF 2016'!B62 -> 1107000 | D65: =+B65-C65 -> -1107000
A66: Cuentas por pagar a socios y accionistas | C66: =+'ESF 2016'!B63 -> 69361000 | D66: =+B66-C66 -> -69361000
A67: TOTAL CUENTAS POR PAGAR COMERCIALES Y OTRAS CUENTAS POR PAGAR | B67: =+B64 -> 1064000 | C67: =+SUM(C63:C66) -> 71364000
A69: OTROS PASIVOS
A70: =+'ESF 2016'!A67 -> Ingresos recibidos por anticipado | C70: =+'ESF 2016'!B67 -> 2190000 | D70: =+B70-C70 -> -2190000
A71: Anticipos y avances recibidos de clientes | B71: 15120000 | D71: =+B71-C71 -> 15120000
A72: Ingresos recibidos para terceros | B72: 165594000 | C72: =+'ESF 2016'!B71 -> 37668000 | D72: =+B72-C72 -> 127926000
A73: TOTAL OTROS PASIVOS | B73: =SUM(B71:B72) -> 180714000 | C73: =SUM(C70:C72) -> 39858000
A75: PASIVO POR IMPUESTO CORRIENTE
A76: Impuesto de renta y complementarios | B76: ='ER 2017'!B83 -> 16267000 | C76: =+'ESF 2016'!B75 -> 8997000 | D76: =+B76-C76 -> 7270000
A77: =+'ESF 2016'!A76 -> Impuesto sobre la renta para la equidad CREE | C77: =+'ESF 2016'!B76 -> 3239000 | D77: =+B77-C77 -> -3239000
A78: TOTAL PASIVO POR IMPUESTO CORRIENTE | B78: =SUM(B76) -> 16267000 | C78: =+C76+C77 -> 12236000
A80: TOTAL PASIVO | B80: =+B78+B73+B67+B60+B56 -> 281788000 | C80: =+C78+C73+C67+C60+C56 -> 162080000
A82: PATRIMONIO
A83: CAPITAL SOCIAL
A84: Capital Suscrito y Pagado | B84: 620000000 | C84: =+'ESF 2016'!C84 -> 620000000
A85: TOTAL CAPITAL SOCIAL | B85: =SUM(B84) -> 620000000 | C85: =SUM(C84) -> 620000000
A87: RESERVAS
A88: Reserva legal | B88: =+'ESF 2016'!B87+(' ER 2016'!C72*10%)-300 -> 7696000 | C88: =+'ESF 2016'!C88 -> 5321000 | D88: =+B88-C88 -> 2375000
A89: TOTAL RESERVAS | B89: =SUM(B88) -> 7696000 | C89: =SUM(C88) -> 5321000
A91: RESULTADOS DEL EJERCICIO
A92: Utilidad del ejercicio | B92: =+'ER 2017'!C86 -> 31577000 | C92: =+'ESF 2016'!C92 -> 23753000 | D92: =+B92-C92 -> 7824000
A93: TOTAL RESULTADOS DEL EJERCICIO | B93: =SUM(B92) -> 31577000 | C93: =SUM(C92) -> 23753000
A95: RESULTADO DE EJERCICIOS ANTERIORES
A96: Utilidades o excedentes acumulados | B96: =+'ESF 2016'!B95+21378000 -> 69269000 | C96: =+'ESF 2016'!C96 -> 47891000 | D96: =+B96-C96 -> 21378000
A97: TOTAL RESULTADOS DE EJERCICIOS ANTERIORES | B97: =SUM(B96) -> 69269000 | C97: =SUM(C96) -> 47891000
A99: TOTAL PATRIMONIO | B99: =+B93+B89+B85+B97 -> 728542000 | C99: =+C93+C89+C85+C97 -> 696965000
A101: TOTAL PASIVO Y PATRIMONIO | B101: =+B99+B80 -> 1010330000 | C101: =+C99+C80 -> 859045000
B102: =+B101-B46 -> 0 | C102: =+C101-C46 -> 0
A105: LUIS ALEJANDRO BECERRA SOSA | B105: WELMAR FERNANDO RINCON
A106: C.C. 7.216.425 de Duitama | B106: TP 120892-T
A107: REPRESENTANTE LEGAL | B107: CONTADOR PUBLICO

Sheet ESF CONSOLI 16-15
A1: LABS TRANSPORTE DE CARGA SAS
A2: NIT. 9 0 0 6 7 3 3 6 1 - 6
A4: ESTADO DE SITUACION FINANCIERA CONSOLIDADO
A6: ACTIVO | B6: 2016 | C6: 2015 | D6: VARIACION
A7: ACTIVO CORRIENTE
A8: EFECTIVO Y EQUIVALENTES DE EFECTIVO
A9: Caja | B9: =+'ESF 2016'!B10 -> 883000 | C9: =+'ESF 2015'!B11 -> 3065000 | D9: =+B9-C9 -> -2182000
A10: Bancolombia Cuenta de ahorros N° 26215832111 | B10: =+'ESF 2016'!B11 -> 2770000 | C10: =+'ESF 2016'!C11 -> 0 | D10: =+B10-C10 -> 2770000
A11: TOTAL EFECTIVO Y EQUIVALENTES DE EFECTIVO | B11: =SUM(B9:B10) -> 3653000 | C11: =SUM(C9:C10) -> 3065000
A13: CUENTAS COMERCIALES Y OTRAS CUENTAS POR COBRAR
A14: Clientes | B14: =+'ESF 2016'!B15 -> 115549000 | C14: =+'ESF 2015'!B15 -> 37845000 | D14: =+B14-C14 -> 77704000
A15: Anticipos y avances | B15: =+'ESF 2016'!B16 -> 5358000 | D15: =+B15-C15 -> 5358000
A16: Cuentas por cobrar a socios y accionistas | B16: 0 | D16: =+B16-C16 -> 0
A17: Anticipos de Impuestos y Contribuciones | B17: =+'ESF 2016'!B17 -> 12496000 | C17: =+'ESF 2015'!B16 -> 6241000 | D17: =+B17-C17 -> 6255000
A18: TOTAL CUENTAS COMERCIALES Y OTRAS CUENTAS POR COBRAR | B18: =SUM(B14:B17) -> 133403000 | C18: =SUM(C14:C17) -> 44086000
A20: TOTAL ACTIVO CORRIENTE | B20: =+B11+B18 -> 137056000 | C20: =+C11+C18 -> 47151000
A22: ACTIVO NO CORRIENTE
A23: PROPIEDAD PLANTA Y EQUIPO
A25: EQUIPO DE OFICINA
A26: Muebles y enseres | B26: =+'ESF 2016'!B25 -> 1730000 | C26: 0 | D26: =+B26-C26 -> 1730000
A27: Depreciacion acumulada | D27: =+B27-C27 -> 0
A28: TOTAL EQUIPO DE OFICINA | B28: =SUM(B26:B27) -> 1730000 | C28: =SUM(C26:C27) -> 0
A30: EQUIPO DE COMPUTACION Y COMUNICACIÓN
A31: Equipos de procesamientos de datos | B31: =+'ESF 2016'!B29 -> 2800000 | C31: 0 | D31: =+B31-C31 -> 2800000
A32: Depreciacion acumulada | B32: 0 | C32: 0
A33: TOTAL EQUIPO DE COMPUTACION Y COMUNICACIÓN | B33: =SUM(B31:B32) -> 2800000
A35: FLOTA Y EQUIPO DE TRANSPORTE
A36: Tractomulas y Remolques | B36: =+'ESF 2016'!B33 -> 751100000 | C36: =+'ESF 2015'!B24 -> 751100000 | D36: =+B36-C36 -> 0
A37: Depreciacion acumulada | B37: =+'ESF 2016'!B34 -> -35110000 | C37: 0 | D37: =+B37-C37 -> -35110000
A38: TOTAL FLOTA Y EQUIPO DE TRANSPORTE | B38: =SUM(B36:B37) -> 715990000 | C38: =SUM(C36:C37) -> 751100000
A40: INTANGIBLES
A41: Licencias | B41: =+'ESF 2016'!B40 -> 1469000 | C41: 0 | D41: =+B41-C41 -> 1469000
A42: TOTAL INTANGIBLES | B42: =+B41 -> 1469000 | C42: =+C41 -> 0
A44: TOTAL ACTIVO NO CORRIENTE | B44: =+B28+B33+B38+B42 -> 721989000 | C44: =+C28+C33+C38+C42 -> 751100000
A46: TOTAL ACTIVO | B46: =+B44+B20 -> 859045000 | C46: =+C44+C20 -> 798251000
A48: LABS TRANSPORTE DE CARGA SAS
A49: NIT. 9 0 0 6 7 3 3 6 1 - 6
A51: ESTADO DE SITUACION FINANCIERA CONSOLIDADO
A53: PASIVO | B53: 2016 | C53: 2015 | D53: VARIACION
A55: PROVEEDORES
A56: Nacionales | B56: =+'ESF 2016'!C57 -> 38622000 | C56: 0 | D56: =+B56-C56 -> 38622000
A57: TOTAL PROVEEDORES | B57: =SUM(B56) -> 38622000
A59: CUENTAS POR PAGAR COMERCIALES Y OTRAS CUENTAS POR PAGAR
A60: Costos y Gastos por pagar | B60: =+'ESF 2016'!B60 -> 87000 | D60: =+B60-C60 -> 87000
A61: Retencion en la fuente | B61: =+'ESF 2016'!B61 -> 809000 | C61: =+'ESF 2015'!B34 -> 135000 | D61: =+B61-C61 -> 674000
A62: ICAindustria y comercio | C62: =+'ESF 2015'!B35 -> 23000 | D62: =+B62-C62 -> -23000
A63: Retenciones y aportes de nomina | B63: =+'ESF 2016'!B62 -> 1107000 | D63: =+B63-C63 -> 1107000
A64: Cuentas por pagar a socios y accionistas | B64: =+'ESF 2016'!B63 -> 69361000 | C64: =+'ESF 2015'!B36 -> 103918000 | D64: =+B64-C64 -> -34557000
A65: TOTAL CUENTAS POR PAGAR COMERCIALES Y OTRAS CUENTAS POR PAGAR | B65: =+SUM(B60:B64) -> 71364000 | C65: =+SUM(C60:C64) -> 104076000
A67: OTROS PASIVOS
A68: =+'ESF 2016'!A67 -> Ingresos recibidos por anticipado | B68: =+'ESF 2016'!B67 -> 2190000 | D68: =+B68-C68 -> 2190000
A69: Anticipos y avances recibidos de clientes
A70: Ingresos recibidos para terceros | B70: =+'ESF 2016'!B71 -> 37668000 | D70: =+B70-C70 -> 37668000
A71: TOTAL OTROS PASIVOS | B71: =SUM(B68:B70) -> 39858000
A73: PASIVO POR IMPUESTO CORRIENTE
A74: Impuesto de renta y complementarios | B74: =+'ESF 2016'!B75 -> 8997000 | C74: =+'ESF 2015'!B40 -> 17195000 | D74: =+B74-C74 -> -8198000
A75: =+'ESF 2016'!A76 -> Impuesto sobre la renta para la equidad CREE | B75: =+'ESF 2016'!B76 -> 3239000 | C75: =+'ESF 2015'!B41 -> 3768000 | D75: =+B75-C75 -> -529000
A76: TOTAL PASIVO POR IMPUESTO CORRIENTE | B76: =+B74+B75 -> 12236000 | C76: =+C74+C75 -> 20963000
A78: TOTAL PASIVO | B78: =+B76+B71+B65+B57 -> 162080000 | C78: =+C76+C71+C65+C57 -> 125039000
A80: PATRIMONIO
A81: CAPITAL SOCIAL
A82: Capital Suscrito y Pagado | B82: =+'ESF 2016'!C84 -> 620000000 | C82: =+'ESF 2015'!B54 -> 620000000
A83: TOTAL CAPITAL SOCIAL | B83: =SUM(B82) -> 620000000 | C83: =SUM(C82) -> 620000000
A85: RESERVAS
A86: Reserva legal | B86: =+'ESF 2016'!C88 -> 5321000 | C86: =+'ESF 2015'!B62 -> 539000 | D86: =+B86-C86 -> 4782000
A87: TOTAL RESERVAS | B87: =SUM(B86) -> 5321000 | C87: =SUM(C86) -> 539000
A89: RESULTADOS DEL EJERCICIO
A90: Utilidad del ejercicio | B90: =+'ESF 2016'!C92 -> 23753000 | C90: =+'ESF 2015'!B58 -> 47818000 | D90: =+B90-C90 -> -24065000
A91: TOTAL RESULTADOS DEL EJERCICIO | B91: =SUM(B90) -> 23753000 | C91: =SUM(C90) -> 47818000
A93: RESULTADO DE EJERCICIOS ANTERIORES
A94: Utilidades o excedentes acumulados | B94: =+'ESF 2016'!C96 -> 47891000 | C94: =+'ESF 2015'!B66 -> 4855000 | D94: =+B94-C94 -> 43036000
A95: TOTAL RESULTADOS DE EJERCICIOS ANTERIORES | B95: =SUM(B94) -> 47891000 | C95: =SUM(C94) -> 4855000
A97: TOTAL PATRIMONIO | B97: =+B91+B87+B83+B95 -> 696965000 | C97: =+C91+C87+C83+C95 -> 673212000
A99: TOTAL PASIVO Y PATRIMONIO | B99: =+B97+B78 -> 859045000 | C99: =+C97+C78 -> 798251000
B100: =+B99-B46 -> 0 | C100: =+C99-C46 -> 0
A103: LUIS ALEJANDRO BECERRA SOSA | B103: WELMAR FERNANDO RINCON
A104: C.C. 7.216.425 de Duitama | B104: TP 120892-T
A105: REPRESENTANTE LEGAL | B105: CONTADOR PUBLICO

Sheet ESF CONSOLI 15-14
A1: LABS TRANSPORTE DE CARGA SAS
A2: NIT. 9 0 0 6 7 3 3 6 1 - 6
A4: ESTADO DE SITUACION FINANCIERA CONSOLIDADO
A6: ACTIVO | B6: 2015 | C6: 2014 | D6: VARIACION
A7: ACTIVO CORRIENTE
A8: EFECTIVO Y EQUIVALENTES DE EFECTIVO
A9: Caja | B9: =+'ESF 2015'!B11 -> 3065000 | C9: =+'BALANCE 2014'!B10 -> 13891000 | D9: =+B9-C9 -> -10826000
A10: Bancolombia Cuenta de ahorros N° 26215832111 | B10: =+'ESF 2016'!C11 -> 0 | C10: =+'BALANCE 2014'!B11 -> 32898000 | D10: =+B10-C10 -> -32898000
A11: TOTAL EFECTIVO Y EQUIVALENTES DE EFECTIVO | B11: =SUM(B9:B10) -> 3065000 | C11: =SUM(C9:C10) -> 46789000 | D11: =+B11-C11 -> -43724000
A13: CUENTAS COMERCIALES Y OTRAS CUENTAS POR COBRAR
A14: Clientes | B14: =+'ESF 2015'!B15 -> 37845000 | C14: =+'BALANCE 2014'!B15 -> 10494000 | D14: =+B14-C14 -> 27351000
A15: Anticipos y avances | D15: =+B15-C15 -> 0
A16: Cuentas por cobrar a socios y accionistas | D16: =+B16-C16 -> 0
A17: Anticipos de Impuestos y Contribuciones | B17: =+'ESF 2015'!B16 -> 6241000 | C17: =+'BALANCE 2014'!B16 -> 620000 | D17: =+B17-C17 -> 5621000
A18: TOTAL CUENTAS COMERCIALES Y OTRAS CUENTAS POR COBRAR | B18: =SUM(B14:B17) -> 44086000 | C18: =SUM(C14:C17) -> 11114000
A20: TOTAL ACTIVO CORRIENTE | B20: =+B11+B18 -> 47151000 | C20: =+C11+C18 -> 57903000
A22: ACTIVO NO CORRIENTE
A23: PROPIEDAD PLANTA Y EQUIPO
A25: FLOTA Y EQUIPO DE TRANSPORTE
A26: Tractomulas y Remolques | B26: =+'ESF 2015'!B24 -> 751100000 | C26: =+'BALANCE 2014'!B25 -> 600000000 | D26: =+B26-C26 -> 151100000
A27: Depreciacion acumulada | B27: 0 | C27: 0
A28: TOTAL FLOTA Y EQUIPO DE TRANSPORTE | B28: =SUM(B26:B27) -> 751100000 | C28: =SUM(C26:C27) -> 600000000
A30: TOTAL ACTIVO NO CORRIENTE | B30: =+B28 -> 751100000 | C30: =+C28 -> 600000000
A32: TOTAL ACTIVO | B32: =+B30+B20 -> 798251000 | C32: =+C30+C20 -> 657903000
A34: LABS TRANSPORTE DE CARGA SAS
A35: NIT. 9 0 0 6 7 3 3 6 1 - 6
A37: ESTADO DE SITUACION FINANCIERA CONSOLIDADO
A39: PASIVO | B39: 2015 | C39: 2014 | D39: VARIACION
A41: PROVEEDORES
A42: Nacionales | B42: 0 | C42: =+'BALANCE 2014'!B35 -> 29729000 | D42: =+B42-C42 -> -29729000
A43: TOTAL PROVEEDORES | B43: =+B42 -> 0 | C43: =+C42 -> 29729000
A45: CUENTAS POR PAGAR COMERCIALES Y OTRAS CUENTAS POR PAGAR
A46: Costos y Gastos por pagar
A47: Retencion en la fuente | B47: =+'ESF 2015'!B34 -> 135000 | C47: 0 | D47: =+B47-C47 -> 135000
A48: ICAindustria y comercio | B48: =+'ESF 2015'!B35 -> 23000 | C48: 0 | D48: =+B48-C48 -> 23000
A49: Retenciones y aportes de nomina | C49: 0 | D49: =+B49-C49 -> 0
A50: Cuentas por pagar a socios y accionistas | B50: =+'ESF 2015'!B36 -> 103918000 | D50: =+B50-C50 -> 103918000
A51: TOTAL CUENTAS POR PAGAR COMERCIALES Y OTRAS CUENTAS POR PAGAR | B51: =+SUM(B46:B50) -> 104076000 | D51: =+B51-C51 -> 104076000
A53: PASIVO POR IMPUESTO CORRIENTE
A54: Impuesto de renta y complementarios | B54: =+'ESF 2015'!B40 -> 17195000 | C54: =+'BALANCE 2014'!B39 -> 2044000 | D54: =+B54-C54 -> 15151000
A55: =+'ESF 2016'!A76 -> Impuesto sobre la renta para la equidad CREE | B55: =+'ESF 2015'!B41 -> 3768000 | C55: =+'BALANCE 2014'!B40 -> 736000 | D55: =+B55-C55 -> 3032000
A56: TOTAL PASIVO POR IMPUESTO CORRIENTE | B56: =+B54+B55 -> 20963000 | C56: =+C54+C55 -> 2780000
A58: TOTAL PASIVO | B58: =+B56+B51+B43 -> 125039000 | C58: =+C56+C51+C43 -> 32509000
A60: PATRIMONIO
A61: CAPITAL SOCIAL
A62: Capital Suscrito y Pagado | B62: =+'ESF 2015'!B54 -> 620000000 | C62: =+'BALANCE 2014'!B54 -> 620000000
A63: TOTAL CAPITAL SOCIAL | B63: =SUM(B62) -> 620000000 | C63: =SUM(C62) -> 620000000
A65: RESERVAS
A66: Reserva legal | B66: =+'ESF 2015'!B62 -> 539000 | C66: 0 | D66: =+B66-C66 -> 539000
A67: TOTAL RESERVAS | B67: =SUM(B66) -> 539000
A69: RESULTADOS DEL EJERCICIO
A70: Utilidad del ejercicio | B70: =+'ESF 2015'!B58 -> 47818000 | C70: =+'BALANCE 2014'!C59 -> 5394000 | D70: =+B70-C70 -> 42424000
A71: TOTAL RESULTADOS DEL EJERCICIO | B71: =SUM(B70) -> 47818000 | C71: =SUM(C70) -> 5394000
D72: =+B72-C72 -> 0
A73: RESULTADO DE EJERCICIOS ANTERIORES | D73: =+B73-C73 -> 0
A74: Utilidades o excedentes acumulados | B74: =+'ESF 2015'!B66 -> 4855000 | C74: 0 | D74: =+B74-C74 -> 4855000
A75: TOTAL RESULTADOS DE EJERCICIOS ANTERIORES | B75: =SUM(B74) -> 4855000
D76: =+B76-C76 -> 0
A77: TOTAL PATRIMONIO | B77: =+B71+B67+B63+B75 -> 673212000 | C77: =+C71+C67+C63+C75 -> 625394000
A79: TOTAL PASIVO Y PATRIMONIO | B79: =+B77+B58 -> 798251000 | C79: =+C77+C58 -> 657903000
B80: =+B79-B32 -> 0 | C80: =+C79-C32 -> 0
A83: LUIS ALEJANDRO BECERRA SOSA | B83: WELMAR FERNANDO RINCON
A84: C.C. 7.216.425 de Duitama | B84: TP 120892-T
A85: REPRESENTANTE LEGAL | B85: CONTADOR PUBLICO

Sheet ER 2017
A1: LABS TRANSPORTE DE CARGA SAS
A2: NIT. 9 0 0 6 7 3 3 6 1 - 6
A4: ESTADO DE RESULTADOS INTEGRAL Y OTRO RESULTADO
A5: DESDE EL 01 DE ENERO AL 31 DE DICIEMBRE DE 2017
A7: INGRESOS ORDINARIOS
A8: Servicio de Transporte de carga por Carretera | B8: 1123466000
A9: Comisiones intermediacion de transporte | B9: 25412000
A10: TOTAL INGRESOS | C10: =+B9+B8 -> 1148878000
A12: COSTO DE VENTA
A13: SERVICIO DE TRANSPORTE DE CARGA POR CARRETERA
A14: Gastos de personal | B14: 80517000
A15: Viaticos | B15: 3382000
A16: Cargue | B16: 20646000
A17: Descargue | B17: 14504000
A18: Combustible | B18: 392883000
A19: Mantenimiento y reparaciones | B19: 87919000
A20: Lavadas | B20: 3010000
A21: Llantas | B21: 39993000
A22: GPS | B22: 9949000
A23: SOAT y todo riesgo | B23: 38666000
A24: Peajes | B24: 145671000
A25: Parqueos | B25: 873000
... A32: Depreciacion | B32: 150220000
A33: TOTAL COSTOS DE VENTAS | C33: =SUM(B14:B32) -> 1010660000
A35: UTILIDAD BRUTA EN VENTAS | C35: =C10-C33 -> 138218000
A37: GASTOS ORDINARIOS
A38: OPERACIONALES DE ADMINISTRACION
A39: Gastos de Personal | B39: 33785000
A40: Honorarios | B40: 27425000
A41: Impuestos | B41: 2884000
A42: Arrendamientos | B42: 2350000
A43: Servicios | B43: 1222000
A44: Gastos legales | B44: 1920000
A45: Mantenimiento y reparaciones | B45: 505000
A46: Adecuacion e instalacion | B46: 268000
A47: Gastos de Viaje | B47: 36000
A48: Depreciaciones | B48: 733000
A49: Diversos | B49: =4225000+1469000 -> 5694000
A50: TOTAL GASTO OPERACIONALES DE ADMINISTRACION | C50: =+SUM(B39:B49) -> 76822000
A52: OPERACIONALES DE VENTAS
A53: Arrendamientos | B53: 900000
A54: Servicios | B54: 20000
A55: Diversos | B55: 305000
A56: TOTAL GASTOS OPERACIONALES DE VENTAS | C56: =B55+B54+B53 -> 1225000
A58: TOTAL GASTOS ORDINARIOS | C58: =+C50+C56 -> 78047000
A60: UTILIDAD OPERACIONAL | C60: =+C35-C58 -> 60171000
A62: LABS TRANSPORTE DE CARGA SAS
A63: NIT. 9 0 0 6 7 3 3 6 1 - 6
A65: ESTADO DE RESULTADOS INTEGRAL Y OTRO RESULTADO
A66: DESDE EL 01 DE ENERO AL 31 DE DICIEMBRE DE 2017
A68: INGRESOS NO OPERACIONALES
A69: Indemnizaciones | B69: 713000
A70: Diversos | B70: 10000
A71: Financieros | B71: 32000
A72: Otros | B72: 1000
A73: TOTAL INGRESOS NO OPERACIONALES | C73: =B71+B70+B69+B72 -> 756000
A75: GASTOS NO OPERACIONALES
A76: Intereses | B76: 9709000
A77: Gravamen a los movimientos financieros | B77: 3374000
A78: TOTAL GASTOS NO OPERACIONALES | C78: =+B76+B77 -> 13083000
A80: UTILIDAD ANTES DE IMPUESTOS | C80: =C60+C73-C78 -> 47844000
A82: IMPUESTO SOBRE LA RENTA Y COMPLEMENTARIOS
A83: Impuesto sobre la renta y complementarios | B83: =+C80*34%+40 -> 16267000
A84: TOTAL IMPUESTO SOBRE LA RENTA Y COMPLEMENTARIOS | C84: =+B83 -> 16267000
A86: UTILIDAD NETA | C86: =C80-C84 -> 31577000
A91: LUIS ALEJANDRO BECERRA SOSA | B91: WELMAR FERNANDO RINCON
A92: C.C. 7.216.425 de Duitama | B92: TP 120892-T
A93: REPRESENTANTE LEGAL | B93: CONTADOR PUBLICO

Sheet ESF 2017
A1: LABS TRANSPORTE DE CARGA SAS
A2: NIT. 9 0 0 6 7 3 3 6 1 - 6
A4: ESTADO DE SITUACION FINANCIERA
A5: AL 31 DE DICIEMBRE DE 2017
A7: ACTIVO
A8: ACTIVO CORRIENTE
A9: EFECTIVO Y EQUIVALENTES DE EFECTIVO
A10: Caja | B10: 2419000
A11: Bancolombia Cuenta de ahorros N° 26215832111 | B11: 10855000
A12: TOTAL EFECTIVO Y EQUIVALENTES DE EFECTIVO | C12: =+B10+B11 -> 13274000
A14: CUENTAS COMERCIALES Y OTRAS CUENTAS POR COBRAR
A15: Clientes | B15: 221026000
A16: Anticipos y avances | B16: 68968000
A17: Cuentas por cobrar a socios y accionistas | B17: 116900000
A18: Anticipos de Impuestos y Contribuciones | B18: 16536000
A19: TOTAL CUENTAS COMERCIALES Y OTRAS CUENTAS POR COBRAR | C19: =SUM(B15:B18) -> 423430000
A21: TOTAL ACTIVO CORRIENTE | C21: =+C12+C19 -> 436704000
A23: ACTIVO NO CORRIENTE
A24: PROPIEDAD PLANTA Y EQUIPO
A26: EQUIPO DE OFICINA
A27: Muebles y enseres | B27: 1730000
A28: Depreciacion acumulada | B28: -173000
A29: TOTAL EQUIPO DE OFICINA | C29: =+B27+B28 -> 1557000
A31: EQUIPO DE COMPUTACION Y COMUNICACIÓN
A32: Equipos de procesamientos de datos | B32: 2800000
A33: Depreciacion acumulada | B33: -560000
A34: TOTAL EQUIPO DE COMPUTACION Y COMUNICACIÓN | C34: =+B32+B33 -> 2240000
A36: FLOTA Y EQUIPO DE TRANSPORTE
A37: Tractomulas y Remolques | B37: 751100000
A38: Depreciacion acumulada | B38: -185330000
A39: TOTAL FLOTA Y EQUIPO DE TRANSPORTE | C39: =+B37+B38 -> 565770000
A41: INTANGIBLES
A42: Licencias | B42: =3598000+461000 -> 4059000
A43: TOTAL INTANGIBLES | C43: =+B42 -> 4059000
A45: TOTAL ACTIVO NO CORRIENTE | C45: =+C29+C34+C39+C43 -> 573626000
A47: TOTAL ACTIVO | C47: =+C21+C45 -> 1010330000
A49: LABS TRANSPORTE DE CARGA SAS
A50: NIT. 9 0 0 6 7 3 3 6 1 - 6
A52: ESTADO DE SITUACION FINANCIERA
A53: AL 31 DE DICIEMBRE DE 2017
A55: PASIVO
A56: OBLIGACIONES FINANCIERAS
A57: Bancos nacionales | B57: 53044000
A58: TOTAL OBLIGACIONES FINANCIERAS | C58: =B57 -> 53044000
A60: PROVEEDORES
A61: Nacionales | B61: 30699000
A62: TOTAL PROVEEDORES | C62: =+B61 -> 30699000
A64: CUENTAS POR PAGAR COMERCIALES Y OTRAS CUENTAS POR PAGAR
A65: Retencion en la fuente | B65: 1064000
A66: TOTAL CUENTAS POR PAGAR COMERCIALES Y OTRAS CUENTAS POR PAGAR | C66: =SUM(B65:B65) -> 1064000
A68: OTROS PASIVOS
A69: Anticipos y avances recibidos de clientes | B69: 15120000
A70: Ingresos recibidos para terceros | B70: 165594000
A71: TOTAL OTROS PASIVOS | C71: =+B70+B69 -> 180714000
A73: PASIVO POR IMPUESTO CORRIENTE
A74: Impuesto de renta y complementarios | B74: ='ER 2017'!B83 -> 16267000
A75: TOTAL PASIVO POR IMPUESTO CORRIENTE | C75: =+B74 -> 16267000
A77: TOTAL PASIVO | C77: =+C71+C66+C62+C58+C75 -> 281788000
A79: PATRIMONIO
A80: CAPITAL SOCIAL
A81: Capital Suscrito y Pagado | B81: 620000000
A82: TOTAL CAPITAL SOCIAL | C82: =+B81 -> 620000000
A84: RESERVAS
A85: Reserva legal | B85: =+'ESF 2016'!B87+(' ER 2016'!C72*10%)-300 -> 7696000
A86: TOTAL RESERVAS | C86: =+B85 -> 7696000
A88: RESULTADOS DEL EJERCICIO
A89: Utilidad del ejercicio | B89: =+'ER 2017'!C86 -> 31577000
A90: TOTAL RESULTADOS DEL EJERCICIO | C90: =+B89 -> 31577000
A92: RESULTADO DE EJERCICIOS ANTERIORES
A93: Utilidades o excedentes acumulados | B93: =+'ESF 2016'!B95+21378000 -> 69269000
A94: TOTAL RESULTADOS DE EJERCICIOS ANTERIORES | C94: =+B93 -> 69269000
A96: TOTAL PATRIMONIO | C96: =+C82+C90+C86+C94 -> 728542000
A98: TOTAL PASIVO Y PATRIMONIO | C98: =+C77+C96 -> 1010330000 | D98: =C47-C98 -> 0
A102: LUIS ALEJANDRO BECERRA SOSA | B102: WELMAR FERNANDO RINCON
A103: C.C. 7.216.425 de Duitama | B103: TP 120892-T
A104: REPRESENTANTE LEGAL | B104: CONTADOR PUBLICO

Sheet  ER 2016
A1: LABS TRANSPORTE DE CARGA SAS
A2: NIT. 9 0 0 6 7 3 3 6 1 - 6
A4: ESTADO DE RESULTADOS INTEGRAL
A5: DESDE EL 01 DE ENERO AL 31 DE DICIEMBRE DE 2016
A7: INGRESOS
A8: Servicio de Transporte de carga por Carretera | B8: 641928000
A9: Servicio Complementarios para el Transporte | B9: 21158000
A10: TOTAL INGRESOS | C10: =+B9+B8 -> 663086000
A12: COSTO DE VENTA
A13: SERVICIO DE TRANSPORTE DE CARGA POR CARRETERA
A14: Gastos de personal | B14: 40274000
A15: Cargue | B15: 1757000
A16: Descargue | B16: 426000
A17: Combustible | B17: 200012000
A18: Mantenimiento y reparaciones | B18: 98507000
A19: Lavadas | B19: 1062000
A20: Llantas | B20: 38400000
A21: GPS | B21: 21576000
A22: SOAT y todo riesgo | B22: 39599000
A23: Peajes | B23: 86554000
A24: Parqueos | B24: =776500+500 -> 777000
A25: Dotacion | B25: 900000
A26: Bascula | B26: 36000
A27: Seguridad y salud ocupacional | B27: 2674000
A28: Revision tecnomecanica | B28: 598000
A29: Depreciacion | B29: 35110000
A30: Otros costos | B30: =1253000+40000 -> 1293000
A31: TOTAL COSTOS DE VENTAS | C31: =SUM(B14:B30) -> 569555000
A33: UTILIDAD BRUTA EN VENTAS | C33: =C10-C31 -> 93531000
A35: GASTOS ORDINARIOS
A36: OPERACIONALES DE ADMINISTRACION
A37: Gastos de Personal | B37: 44305000
A38: Honorarios | B38: 2800000
A39: Impuestos | B39: 17000
A40: Arrendamientos | B40: 2750000
A41: Servicios | B41: 1524000
A42: Gastos legales | B42: 1278000
A43: Diversos | B43: 2189000
A44: TOTAL GASTO OPERACIONALES DE ADMINISTRACION | C44: =+SUM(B37:B43) -> 54863000
A46: OPERACIONALES DE VENTAS
A47: Servicios | B47: 285000
A48: TOTAL GASTO OPERACIONALES DE VENTAS | C48: =B47 -> 285000
A50: TOTAL GASTOS ORDINARIOS | C50: =+C44+C48 -> 55148000
A52: UTILIDAD OPERACIONAL | C52: =+C33-C50 -> 38383000
A55: LABS TRANSPORTE DE CARGA SAS
A56: NIT. 9 0 0 6 7 3 3 6 1 - 6
A58: ESTADO DE RESULTADOS INTEGRAL
A59: DESDE EL 01 DE ENERO AL 31 DE DICIEMBRE DE 2016
A61: GASTOS NO OPERACIONALES
A62: Financieros | B62: 2394000
A63: TOTAL GASTOS NO OPERACIONALES | C63: =+B62 -> 2394000
A65: UTILIDAD ANTES DE IMPUESTOS | C65: =+C52-C63 -> 35989000
A67: IMPUESTOS Y GRAVAMENES
A68: Impuesto sobre la renta y complementarios | B68: =+C65*25%-250 -> 8997000
A69: Impuesto sobre la renta para la equidad CREE | B69: =+C65*9%-10 -> 3239000
A70: TOTAL IMPUESTOS Y GRAVAMENES | C70: =+B69+B68 -> 12236000
A72: UTILIDAD NETA | C72: =+C65-C70 -> 23753000
A77: LUIS ALEJANDRO BECERRA SOSA | B77: WELMAR FERNANDO RINCON
A78: C.C. 7.216.425 de Duitama | B78: TP 120892-T
A79: REPRESENTANTE LEGAL | B79: CONTADOR PUBLICO

Sheet ESF 2016
A1: LABS TRANSPORTE DE CARGA SAS
A2: NIT. 9 0 0 6 7 3 3 6 1 - 6
A4: ESTADO DE SITUACION FINANCIERA
A5: AL 31 DE DICIEMBRE DE 2016
A7: ACTIVO
A8: ACTIVO CORRIENTE
A9: EFECTIVO Y EQUIVALENTES DE EFECTIVO
A10: Caja | B10: 883000
A11: Bancolombia Cuenta de ahorros N° 26215832111 | B11: 2770000
A12: TOTAL EFECTIVO Y EQUIVALENTES DE EFECTIVO | C12: =+B10+B11 -> 3653000
A14: CUENTAS COMERCIALES Y OTRAS CUENTAS POR COBRAR
A15: Clientes | B15: 115549000
A16: Anticipos y avances | B16: 5358000
A17: Anticipos de Impuestos y Contribuciones | B17: =12496405.88-405.88 -> 12496000
A18: TOTAL CUENTAS COMERCIALES Y OTRAS CUENTAS POR COBRAR | C18: =SUM(B15:B17) -> 133403000
A20: TOTAL ACTIVO CORRIENTE | C20: =+C12+C18 -> 137056000
A22: ACTIVO NO CORRIENTE
A23: PROPIEDAD PLANTA Y EQUIPO
A24: EQUIPO DE OFICINA
A25: Muebles y enseres | B25: 1730000
A26: TOTAL EQUIPO DE OFICINA | C26: =+B25 -> 1730000
A28: EQUIPO DE COMPUTACION Y COMUNICACIÓN
A29: Equipos de procesamientos de datos | B29: 2800000
A30: TOTAL EQUIPO DE COMPUTACION Y COMUNICACIÓN | C30: =+B29 -> 2800000
A32: FLOTA Y EQUIPO DE TRANSPORTE
A33: Tractomulas y Remolques | B33: 751100000
A34: Depreciacion acumulada | B34: -35110000
A35: TOTAL FLOTA Y EQUIPO DE TRANSPORTE | C35: =+B34+B33 -> 715990000
A37: TOTAL PROPIEDAD PLANTA Y EQUIPO | C37: =SUM(C25:C36) -> 720520000
A39: INTANGIBLES
A40: Software contable | B40: 1469000
A41: TOTAL INTANGIBLES | C41: =+B40 -> 1469000
A43: TOTAL ACTIVO NO CORRIENTE | C43: =+C37+C41 -> 721989000
A45: TOTAL ACTIVO | C45: =+C20+C43 -> 859045000
A48: LABS TRANSPORTE DE CARGA SAS
A49: NIT. 9 0 0 6 7 3 3 6 1 - 6
A51: ESTADO DE SITUACION FINANCIERA
A52: AL 31 DE DICIEMBRE DE 2016
A54: PASIVO
A55: PROVEEDORES
A56: Nacionales | B56: 38622000
A57: TOTAL PROVEEDORES | C57: =+B56 -> 38622000
A59: CUENTAS POR PAGAR COMERCIALES Y OTRAS CUENTAS POR PAGAR
A60: Costos y Gastos por pagar | B60: 87000
A61: Retencion en la fuente | B61: 809000
A62: Retenciones y aportes de nomina | B62: 1107000
A63: Cuentas por pagar a socios y accionistas | B63: 69361000
A64: CUENTAS POR PAGAR COMERCIALES Y OTRAS CUENTAS POR PAGAR | C64: =+SUM(B60:B63) -> 71364000
A66: DIFERIDOS
A67: Ingresos recibidos por anticipado | B67: 2190000
A68: TOTAL DIFERIDOS | C68: =+B67 -> 2190000
A70: OTROS PASIVOS
A71: Ingresos recibidos para terceros | B71: 37668000
A72: TOTAL OTROS PASIVOS | C72: =+B71 -> 37668000
A74: PASIVO POR IMPUESTO CORRIENTE
A75: Impuesto sobre la renta y complementarios | B75: =+' ER 2016'!B68 -> 8997000
A76: Impuesto sobre la renta para la equidad CREE | B76: =+' ER 2016'!B69 -> 3239000
A77: TOTAL PASIVO POR IMPUESTO CORRIENTE | C77: =+B75+B76 -> 12236000
A79: TOTAL PASIVO | C79: =+C64+C57+C68+C72+C77 -> 162080000
A81: PATRIMONIO
A82: CAPITAL SOCIAL
A83: Capital Suscrito y Pagado | B83: 620000000
A84: TOTAL CAPITAL SOCIAL | C84: =+B83 -> 620000000
A86: RESERVAS
A87: Reserva legal | B87: =+'ESF 2015'!B62+4782000 -> 5321000
A88: TOTAL RESERVAS | C88: =+B87 -> 5321000
A90: RESULTADOS DEL EJERCICIO
A91: Utilidad del ejercicio | B91: =+' ER 2016'!C72 -> 23753000
A92: TOTAL RESULTADOS DEL EJERCICIO | C92: =+B91 -> 23753000
A94: RESULTADO DE EJERCICIOS ANTERIORES
A95: Utilidades o excedentes acumulados | B95: =+'ESF 2015'!B66+43036000 -> 47891000
A96: TOTAL RESULTADOS DE EJERCICIOS ANTERIORES | C96: =+B95 -> 47891000
A98: TOTAL PATRIMONIO | C98: =+C84+C92+C88+C96 -> 696965000
A100: TOTAL PASIVO Y PATRIMONIO | C100: =+C79+C98 -> 859045000
A103: LUIS ALEJANDRO BECERRA SOSA | B103: WELMAR FERNANDO RINCON
A104: C.C. 7.216.425 de Duitama | B104: TP 120892-T
A105: REPRESENTANTE LEGAL | B105: CONTADOR PUBLICO

Sheet ER 2015
A1: LABS TRANSPORTE DE CARGA SAS
A2: NIT. 9 0 0 6 7 3 3 6 1 - 6
A4: ESTADO DE RESULTADOS INTEGRAL Y OTROS RESULTADOS
A6: DESDE EL 01 DE ENERO AL 31 DE DICIEMBRE DE 2015
A8: INGRESOS OPERACIONALES
A9: Servicio de Transporte de carga por Carretera | B9: 285142000
A10: Otros ingresos no operacionales | B10: 59000000
A11: TOTAL INGRESOS | C11: =+B10+B9 -> 344142000
A13: COSTO DE VENTA
A14: SERVICIO DE TRANSPORTE DE CARGA POR CARRETERA
A15: Combustible | B15: 97524000
A16: Mantenimiento y reparaciones | B16: 29804000
A17: Lavadas | B17: 12173000
A18: Llantas | B18: 17658000
A19: Peajes | B19: 74879000
A20: Parqueos | B20: 10862000
A21: Otros costos | B21: 487000
A22: TOTAL COSTOS DE VENTAS | C22: =SUM(B15:B21) -> 243387000
A24: UTILIDAD BRUTA EN VENTAS | C24: =C11-C22 -> 100755000
A26: GASTOS
A27: GASTOS ORDINARIOS
A28: Gastos de Personal | B28: 13560000
A29: Arrendamientos | B29: 2400000
A30: Servicios | B30: 1107000
A31: Diversos | B31: 11476000
A32: TOTAL GASTOS ORDINARIOS | C32: =+SUM(B28:B31) -> 28543000
A34: TOTAL GASTOS OPERACIONALES | C34: =+C32 -> 28543000
A36: UTILIDAD OPERACIONAL | C36: =+C24-C34 -> 72212000
A38: INGRESOS NO OPERACIONALES
A39: Financieros | B39: 25000
A40: TOTAL INGRESOS NO OPERACIONALES | C40: =+B39 -> 25000
A42: GASTOS NO OPERACIONALES
A43: Gastos Diversos | B43: 3456000
A44: TOTAL GASTOS NO OPERACIONALES | C44: =+B43 -> 3456000
A46: UTILIDAD ANTES DE IMPUESTOS | C46: =+C36+C40-C44 -> 68781000
A48: IMPUESTOS Y GRAVAMENES
A49: Impuesto sobre la renta y complementarios | B49: =+C46*25%-250 -> 17195000
A50: Impuesto de renta para la equidad CREE | B50: 3768000
A51: TOTAL IMPUESTOS Y GRAVAMENES | C51: =+B49+B50 -> 20963000
A53: UTILIDAD DEL EJERCICIO | C53: =+C46-B49-B50 -> 47818000
A58: LUIS ALEJANDRO BECERRA SOSA | B58: WELMAR FERNANDO RINCON
A59: C.C. 7.216.425 de Duitama | B59: TP 120892-T
A60: REPRESENTANTE LEGAL | B60: CONTADOR PUBLICO

Sheet ESF 2015
A1: LABS TRANSPORTE DE CARGA SAS
A2: NIT. 9 0 0 6 7 3 3 6 1 - 6
A4: ESTADO DE SITUACION FINANCIERA
A5: AL 31 DE DICIEMBRE DE 2015
A7: ACTIVO
A8: ACTIVO CORRIENTE
A10: EFECTIVO Y EQUIVALENTES DE EFECTIVO
A11: Caja y Bancos | B11: 3065000
A12: TOTAL EFECTIVO Y EQUIVALENTES DE EFECTIVO | C12: =B11 -> 3065000
A14: CUENTAS COMERCIALES Y OTRAS CUENTAS POR COBRAR
A15: Clientes | B15: =35816000+2029000 -> 37845000
A16: Anticipo de impuestos y contribuciones | B16: 6241000
A17: TOTAL CUENTAS COMERCIALES Y OTRAS CUENTAS POR COBRAR | C17: =+B15+B16 -> 44086000
A19: TOTAL ACTIVO CORRIENTE | C19: =+C12+C17 -> 47151000
A21: ACTIVO NO CORRIENTE
A22: PROPIEDAD PLANTA Y EQUIPO
A23: FLOTA Y EQUIPO DE TRANSPORTE
A24: Tractomulas y Remolques | B24: 751100000
A25: TOTAL FLOTA Y EQUIPO DE TRANSPORTE | C25: =+B24 -> 751100000
A27: TOTAL ACTIVO NO CORRIENTE | C27: =+C25 -> 751100000
A29: TOTAL ACTIVO | C29: =+C19+C27 -> 798251000
A31: PASIVO
A33: CUENTAS POR PAGAR COMERCIALES Y OTRAS CUENTAS POR PAGAR
A34: Retencion en la fuente | B34: 135000
A35: Retencion de ICA | B35: 23000
A36: Cuentas por pagar a socios y accionistas | B36: 103918000
A37: TOTAL CUENTAS POR PAGAR COMERCIALES Y OTRAS CUENTAS POR PAGAR | C37: =+SUM(B34:B36) -> 104076000
A39: PASIVO POR IMPUESTO CORRIENTE
A40: Impuesto de renta y complementarios | B40: =+'ER 2015'!B49 -> 17195000
A41: Impuesto de renta para la equidad CREE | B41: =+'ER 2015'!B50 -> 3768000
A42: TOTAL PASIVO POR IMPUESTO CORRIENTE | C42: =+B40+B41 -> 20963000
A44: TOTAL PASIVO | C44: =+C37+C42 -> 125039000
A46: LABS TRANSPORTE DE CARGA SAS
A47: NIT. 9 0 0 6 7 3 3 6 1 - 6
A48: ESTADO DE SITUACION FINANCIERA
A49: AL 31 DE DICIEMBRE DE 2015
A51: PATRIMONIO
A53: CAPITAL SUSCRITO Y PAGADO
A54: Capital Suscrito y Pagado | B54: 620000000
A55: TOTAL CAPITAL SOCIAL | C55: =+B54 -> 620000000
A57: RESULTADOS DEL EJERCICIO
A58: Utilidad del ejercicio | B58: =+'ER 2015'!C53 -> 47818000
A59: TOTAL RESULTADOS DEL EJERCICIO | C59: =+B58 -> 47818000
A61: RESERVAS
A62: Reserva Legal | B62: 539000
A63: TOTAL RESERVAS | C63: =+B62 -> 539000
A65: RESULTADO DE EJERCICIOS ANTERIORES
A66: Utilidades o excedentes acumulados | B66: =+'BALANCE 2014'!B58-B62 -> 4855000
A67: TOTAL RESULTADOS DE EJERCICIOS ANTERIORES | C67: =+B66 -> 4855000
A69: TOTAL PATRIMONIO | C69: =+C55+C59+C67+C63 -> 673212000
A71: TOTAL PASIVO Y PATRIMONIO | C71: =+C44+C69 -> 798251000 | D71: =+C71-C29 -> 0
A76: LUIS ALEJANDRO BECERRA SOSA | B76: WELMAR FERNANDO RINCON
A77: C.C. 7.216.425 de Duitama | B77: TP 120892-T
A78: REPRESENTANTE LEGAL | B78: CONTADOR PUBLICO

Sheet ER 2014
A1: LABS TRANSPORTE DE CARGA SAS
A2: NIT. 9 0 0 6 7 3 3 6 1 - 6
A4: ESTADO DE RESULTADOS
A5: DESDE EL 01 DE ENERO AL 31 DE DICIEMBRE DE 2014
A7: INGRESOS
A8: Servicio de Transporte de carga por Carretera | B8: 61980000
A9: TOTAL INGRESOS | C9: =B8 -> 61980000
A11: COSTO DE VENTA
A12: SERVICIO DE TRANSPORTE DE CARGA POR CARRETERA
A13: Cargue | B13: 1456000
A14: Descargue | B14: 326000
A15: Combustible | B15: 29882000
A16: Mantenimiento y reparaciones | B16: 4790000
A17: Lavadas | B17: 1050000
A18: Llantas | B18: 11058000
A19: Peajes | B19: 1860000
A20: Parqueos | B20: 678000
A21: Otros costos | B21: 770000
A22: TOTAL COSTOS DE VENTAS | C22: =SUM(B13:B21) -> 51870000
A24: UTILIDAD BRUTA EN VENTAS | C24: =C9-C22 -> 10110000
A26: GASTOS
A27: OPERACIONALES DE ADMINISTRACION
A28: Honorarios | B28: 1130000
A29: Arrendamientos | B29: 170000
A30: Diversos | B30: 491000
A31: Servicios | B31: 145000
A32: TOTAL OPERACIONALES DE ADMINISTRACION | C32: =SUM(B28:B31) -> 1936000
A34: TOTAL GASTOS OPERACIONALES | C34: =C32 -> 1936000
A36: UTILIDAD OPERACIONAL | C36: =C24-C34 -> 8174000
A38: IMPUESTOS Y GRAVAMENES
A39: Impuesto sobre la renta y complementarios | B39: =+C36*25%+500 -> 2044000
A40: Impuesto sobre la renta para la equidad CREE | B40: =+C36*9%+340 -> 736000
A41: TOTAL IMPUESTOS Y GRAVAMENES | C41: =+B39+B40 -> 2780000
A43: UTILIDAD DEL EJERCICIO | C43: =+C36-B39-B40 -> 5394000
A47: LUIS ALEJANDRO BECERRA SOSA | B47: WELMAR FERNANDO RINCON
A48: C.C. 7.216.425 de Duitama | B48: TP 120892-T
A49: REPRESENTANTE LEGAL | B49: CONTADOR PUBLICO

Sheet BALANCE 2014
A1: LABS TRANSPORTE DE CARGA SAS
A2: NIT. 9 0 0 6 7 3 3 6 1 - 6
A4: BALANCE GENERAL
A5: AL 31 DE DICIEMBRE DE 2014
A7: ACTIVO
A8: ACTIVO CORRIENTE
A9: DISPONIBLE
A10: Caja | B10: 13891000
A11: Bancolombia Cuenta de ahorros N° 26215832111 | B11: 32898000
A12: TOTAL DISPONIBLE | C12: =SUM(B10:B11) -> 46789000
A14: DEUDORES
A15: Clientes | B15: 10494000
A16: Anticipos de Impuestos y Contribuciones | B16: 620000
A17: TOTAL DEUDORES | C17: =SUM(B15:B16) -> 11114000
A19: TOTAL ACTIVO CORRIENTE | C19: =C12+C17 -> 57903000
A21: ACTIVO NO CORRIENTE
A22: PROPIEDAD PLANTA Y EQUIPO
A24: FLOTA Y EQUIPO DE TRANSPORTE
A25: Tractomulas y Remolques | B25: 600000000
A26: TOTAL FLOTA Y EQUIPO DE TRANSPORTE | C26: =B25 -> 600000000
A28: TOTAL ACTIVO NO CORRIENTE | C28: =C26 -> 600000000
A30: TOTAL ACTIVO | C30: =C19+C28 -> 657903000
A32: PASIVO
A34: PROVEEDORES
A35: Nacionales | B35: 29729000
A36: TOTAL PROVEEDORES | C36: =B35 -> 29729000
A38: IMPUESTOS GRAVAMENES Y TASAS
A39: Impuesto de renta y complementarios | B39: =+'ER 2014'!B39 -> 2044000
A40: Impuesto de renta para la equidad CREE | B40: =+'ER 2014'!B40 -> 736000
A41: TOTAL IMPUESTOS GRAVAMENES Y TASAS | C41: =+B39+B40 -> 2780000
A43: TOTAL PASIVO | C43: =+C36+C41 -> 32509000
A45: LABS TRANSPORTE DE CARGA SAS
A46: NIT. 9 0 0 6 7 3 3 6 1 - 6
A48: BALANCE GENERAL
A49: AL 31 DE DICIEMBRE DE 2014
A51: PATRIMONIO
A53: CAPITAL SOCIAL
A54: Capital Suscrito y Pagado | B54: 620000000
A55: TOTAL CAPITAL SOCIAL | C55: =B54 -> 620000000
A57: RESULTADOS DEL EJERCICIO
A58: Utilidad del ejercicio | B58: =+'ER 2014'!C43 -> 5394000
A59: TOTAL RESULTADOS DEL EJERCICIO | C59: =B58 -> 5394000
A61: TOTAL PATRIMONIO | C61: =C55+C59 -> 625394000
A63: TOTAL PASIVO Y PATRIMONIO | C63: =C43+C61 -> 657903000 | D63: =C63-C30 -> 0
A68: LUIS ALEJANDRO BECERRA SOSA | B68: WELMAR FERNANDO RINCON
A69: C.C. 7.216.425 de Duitama | B69: TP 120892-T
A70: REPRESENTANTE LEGAL | B70: CONTADOR PUBLICO
